 Dungeon Crawl Stone Soup version 0.31-a0-217-g58bb5d79cf (webtiles) character file.

Game seed: 10953754544141934214

16500749 AvylaarBelgium the Archmage (level 27, 211/211 HPs)
             Began as a Deep Elf Conjurer on July 2, 2023.
             Was the Champion of Vehumet.
             Escaped with the Orb
             ... and 15 runes on July 3, 2023!
             The game lasted 08:43:11 (94712 turns).

AvylaarBelgium the Archmage (Deep Elf Conjurer)    Turns: 94712, Time: 08:43:12

Health: 211/211    AC: 19    Str:  5    XL:     27
Magic:  65/65      EV: 28    Int: 41    God:    Vehumet [******]
Gold:   15870      SH:  5    Dex: 16    Spells: 3/80 levels left

rFire   + + +        g - staff of Growth {rPois rF++ Str-3 Dex+3 Conj}
rCold   + + +        L - orb {*channel}
rNeg    + . .        b - +5 robe of Night {Dark Will+ SInv}
rPois   +            d - +2 hat {Will+}
rElec   +            D - +2 cloak {rCorr}
rCorr   +            C - +0 pair of fencer's gloves {Riposte Dex+3}
SInv    +            m - +2 pair of boots {Fly}
Will    ++++.        R - amulet "Elayfem" {Reflect Drain +Inv rElec rC++ SH+5}
Stlth   ++           O - ring "Popol" {Fire rN+ Str+4 Int+3 Dex-3}
HPRegen 1.35/turn    F - ring of Unkobey {Fly rC++ MP+9 Str-2 Int+2}
MPRegen 0.39/turn

%: random rage (3%), reflection, channel magic (20%)
@: flying, studying 5 skills
A: antennae 1, thin skeletal structure 1, berserk 1, clumsy 1, regeneration 1,
robust 1
0: Orb of Zot
}: 15/15 runes: decaying, slimy, silver, golden, iron, obsidian, icy, bone,
abyssal, demonic, glowing, magical, fiery, dark, gossamer
a: Renounce Religion, Evoke Invisibility


You escaped.
You worshipped Vehumet.
Vehumet was exalted by your worship.
You visited 18 branches of the dungeon, and saw 86 of its levels.
You visited Pandemonium 2 times, and saw 11 of its levels.
You visited the Abyss 2 times.
You completed 1 ziggurat, and saw 27 of its levels.
You also visited: Trove, Sewer, Gauntlet and Ice Cave.

You collected 19316 gold pieces.
You spent 3446 gold pieces at shops.

Inventory:

Hand Weapons
 c - the +13 sceptre of Asmodeus
   (You took it off Asmodeus on level 7 of Gehenna)

   Fire Summon: It may summon demons of flame and damnation when striking foes.
 P - the +8 Vampire's Tooth {megavamp}
   (You found it on level 10 of a ziggurat)
 W - the +8 triple crossbow of Glory {elec, rC+ Str-3 Stlth+}
   (You found it on level 21 of a ziggurat)

   Str:       It affects your strength (-3).
   rC:        It protects you from cold.
   Stlth:     It makes you more stealthy.
Missiles
 y - 15 throwing nets
Armour
 b - the +5 robe of Night (worn) {Dark Will+ SInv}
   (You found it on level 9 of the Dungeon)

   Dark:      It shrouds the wearer in darkness, reducing the range at which
   they can see and be seen by others.
   SInv:      It lets you see invisible.
   Will:      It increases your willpower.
 d - a +2 hat of willpower (worn)
 m - a +2 pair of boots of flying (worn)
 u - the orb of Dispater {+Damnation *Corrode AC+5}
   (You took it off Dispater on level 7 of the Iron City of Dis)

   +Damnation: It grants the ability to hurl damnation at the cost of health and
   magic, with strength depending on Evocations skill.
   AC:        It affects your AC (+5).
   *Corrode:  It may corrode you when you take damage.
 z - the +4 moon troll leather armour {Spirit, Regen++ MP+5}
   (You found it on level 19 of a ziggurat)

   MP:        It affects your magic capacity (+5).
   Regen:     It increases your rate of health regeneration.
 A - the +1 cloak "Gaaqiry" {-Tele rF+ rN+++ Regen+}
   (You found it on level 13 of a ziggurat)

   rF:        It protects you from fire.
   rN:        It renders you almost immune to negative energy.
   -Tele:     It prevents most forms of teleportation.
   Regen:     It increases your rate of health regeneration.
 C - the +0 pair of fencer's gloves (worn) {Riposte Dex+3}
   (You found it on level 14 of a ziggurat)

   Riposte:   It allows the wearer to riposte with melee weapons, swiftly
   retaliating against missed or blocked melee attacks.
   Dex:       It affects your dexterity (+3).
 D - a +2 cloak of preservation (worn)
 E - the +3 warlock's mirror {omnireflect}
   (You acquired it on level 4 of the Depths)

   Omnireflect: It can block and reflect piercing ranged attacks and magical
   attacks against the wielder's willpower.
 G - a +5 kite shield of reflection
 L - an orb of energy (worn)
 M - the +3 pair of seven-league boots {Rampage+∞}
   (You found it on level 3 of the Lair of Beasts)

   Rampage+∞: When moving toward enemies, its wearer moves as far as possible,
   alerting their target en route.
Magical Staves
 g - the staff of Growth (weapon) {rPois rF++ Str-3 Dex+3 Conj}
   (You found it on level 18 of a ziggurat)

   [staff of conjuration]

   Base accuracy: +5 Base damage: 5 Base attack delay: 1.2 This weapon's minimum
   attack delay (0.6) is reached at skill level 12.
   Str:       It affects your strength (-3).
   Dex:       It affects your dexterity (+3).
   rF:        It greatly protects you from fire.
   rPois:     It protects you from poison.
   Conj:      It increases the power of your Conjurations spells.
   It falls into the 'Staves' category.
   It is a one-handed weapon.
 q - the staff "Huarionn" {rC+ Summ Earth}
   (You found it on level 10 of a ziggurat)

   [staff of earth]

   Base accuracy: +5 Base damage: 5 Base attack delay: 1.2 This weapon's minimum
   attack delay (0.6) is reached at skill level 12.
   rC:        It protects you from cold.
   Summ:      It increases the power of your Summonings spells.
   Earth:     It increases the power of your Earth spells.
   It falls into the 'Staves' category.
   It is a one-handed weapon.
 U - the staff of Melee {rElec rN+ Will+ Stlth+ Conj}
   (You found it on level 3 of the Crypt)

   [staff of conjuration]

   Base accuracy: +5 Base damage: 5 Base attack delay: 1.2 This weapon's minimum
   attack delay (0.6) is reached at skill level 12.
   rElec:     It insulates you from electricity.
   rN:        It protects you from negative energy.
   Conj:      It increases the power of your Conjurations spells.
   Will:      It increases your willpower.
   Stlth:     It makes you more stealthy.
   It falls into the 'Staves' category.
   It is a one-handed weapon.
Jewellery
 l - the amulet "Cauck" {Reflect rF+ rC+ rCorr Str-5 SH+5}
   (You found it on level 7 of Tartarus)

   [amulet of reflection]

   It reflects blocked missile attacks.
   Str:       It affects your strength (-5).
   rF:        It protects you from fire.
   rC:        It protects you from cold.
   rCorr:     It protects you from acid and corrosion.
   SH:        It affects your SH (+5).
 F - the ring of Unkobey (right hand) {Fly rC++ MP+9 Str-2 Int+2}
   (You found it on level 5 of the Lair of Beasts)

   [ring of magical power]

   Str:       It affects your strength (-2).
   Int:       It affects your intelligence (+2).
   rC:        It greatly protects you from cold.
   MP:        It affects your magic capacity (+9).
   Fly:       It grants you flight.
 I - the amulet of Symmetry {Regen+ Int+4}
   (You found it on level 16 of a ziggurat)

   [amulet of regeneration]

   Int:       It affects your intelligence (+4).
   Regen:     It increases your rate of health regeneration.
 O - the ring "Popol" (left hand) {Fire rN+ Str+4 Int+3 Dex-3}
   (You found it in a Gauntlet)

   [ring of fire]

   It enhances your fire magic.
   Str:       It affects your strength (+4).
   Int:       It affects your intelligence (+3).
   Dex:       It affects your dexterity (-3).
   rF:        It protects you from fire.
   rC:        It makes you vulnerable to cold.
   rN:        It protects you from negative energy.
 Q - the amulet of Pikiepae {Regen+ rCorr Str+5}
   (You found it on level 14 of a ziggurat)

   [amulet of regeneration]

   Str:       It affects your strength (+5).
   Regen:     It increases your rate of health regeneration.
   rCorr:     It protects you from acid and corrosion.
 R - the amulet "Elayfem" (around neck) {Reflect Drain +Inv rElec rC++ SH+5}
   (You bought it in a shop on level 3 of the Elven Halls)

   [amulet of reflection]

   It reflects blocked missile attacks.
   rC:        It greatly protects you from cold.
   rElec:     It insulates you from electricity.
   +Inv:      It lets you turn invisible.
   Drain:     It drains your maximum health when unequipped.
   SH:        It affects your SH (+5).
 T - a ring of fire
 Z - the dreamshard necklace {Acrobat *Dream}
   (You took it off a deep elf annihilator on level 3 of the Elven Halls)

   [amulet of the acrobat]

   *Dream:    It absorbs a single lethal wound into itself, holding its wearer
   just short of death and releasing dream-creatures to guard them.
   It increases your evasion while moving and waiting.
Wands
 a - a wand of roots (149)
 f - a wand of acid (82)
 o - a wand of charming (146)
 p - a wand of digging (12)
Scrolls
 h - 35 scrolls of teleportation
 i - 5 scrolls of revelation
 k - 12 scrolls of fear
 n - 7 scrolls of immolation
 r - 7 scrolls of torment
 v - 20 scrolls of amnesia
 w - 9 scrolls of summoning
 H - 18 scrolls of fog
 K - 14 scrolls of blinking
Potions
 e - 8 potions of resistance
 j - 34 potions of mutation
 s - 14 potions of ambrosia
 x - 41 potions of curing
 B - 30 potions of haste
 J - 7 potions of cancellation
 N - 11 potions of magic
 Y - 22 potions of heal wounds
Miscellaneous
 t - a +1 figurine of a ziggurat
 S - a box of beasts (inert) (quivered)
 V - a tin of tremorstones (2/2)
 X - a lightning rod (4/4)


   Skills:
 - Level 24.6 Fighting
 - Level 0.3 Staves
 - Level 15.0 Armour
 O Level 27 Dodging
 - Level 8.8 Stealth
 - Level 3.1 Shields
 O Level 27 Spellcasting
 O Level 27 Conjurations
 - Level 7.6 Hexes
 O Level 27 Summonings
 O Level 27 Necromancy
 - Level 4.0 Translocations
 - Level 18.5 Transmutations
 O Level 27 Fire Magic
 + Level 17.9 Ice Magic
 - Level 5.6 Air Magic
 - Level 23.6 Earth Magic
 - Level 16.0 Evocations


You had 3 spell levels left.
You knew the following spells:

 Your Spells              Type           Power      Damage    Failure   Level
a - Polar Vortex          Ice            58%        N/A       11%         9
b - Necromutation         Tmut/Necr      63%        N/A       1%          8
c - Fulminant Prism       Conj/Hex       69%        3d27      1%          4
d - Iskenderun's Mystic   Conj/Tloc      100%       2d19      1%          4
e - Hailstorm             Conj/Ice       100%       3d20      1%          3
f - Fire Storm            Conj/Fire      93%        8d24      1%          9
g - Fireball              Conj/Fire      93%        3d34      1%          5
h - Lehudib's Crystal Sp  Conj/Erth      78%        10d18     1%          8
i - Leda's Unmaking       Conj/Erth      78%        9d13      1%          6
j - Spellforged Servitor  Conj/Summ      80%        N/A       1%          7
k - Blink                 Tloc           100%       N/A       1%          2
m - Swiftness             Air            80%        N/A       1%          3
u - Death's Door          Necr           67%        N/A       3%          9

Your spell library contained the following spells:

 Spells                   Type           Power      Damage    Failure   Level
 Apportation              Tloc           100%       N/A       1%          1
 Beastly Appendage        Tmut           100%       N/A       1%          1
 Foxfire                  Conj/Fire      100%       2x1d9     1%          1
 Freeze                   Ice            100%       1d10      1%          1
 Kiss of Death            Conj/Necr      100%       2d13      1%          1
 Magic Dart               Conj           100%       1d8       1%          1
 Necrotise                Necr           100%       1d9       1%          1
 Sandblast                Erth           100%       2d20      1%          1
 Shock                    Conj/Air       100%       1d9       1%          1
 Slow                     Hex            100%       N/A       1%          1
 Sting                    Tmut/Pois      100%       1d8       1%          1
 Summon Small Mammal      Summ           100%       N/A       1%          1
 Call Imp                 Summ           100%       N/A       1%          2
 Cigotuvi's Dreadful Rot  Necr/Pois/Air  100%       N/A       1%          2
 Ensorcelled Hibernation  Hex/Ice        100%       N/A       1%          2
 Lesser Beckoning         Tloc           100%       N/A       1%          2
 Momentum Strike          Conj/Tloc      100%       3d10      1%          2
 Passwall                 Tmut/Erth      100%       N/A       1%          2
 Poisonous Vapours        Pois/Air       100%       N/A       1%          2
 Scorch                   Fire           100%       2d9       1%          2
 Searing Ray              Conj           100%       2d8       1%          2
 Static Discharge         Conj/Air       100%       2-7/arc   1%          2
 Sublimation of Blood     Necr           100%       N/A       1%          2
 Wereblood                Tmut           100%       N/A       1%          2
 Call Canine Familiar     Summ           100%       N/A       1%          3
 Confusing Touch          Hex            87%        N/A       1%          3
 Dazzling Flash           Conj/Hex       100%       N/A       1%          3
 Frozen Ramparts          Ice            100%       1d16      1%          3
 Gell's Gravitas          Tloc           73%        N/A       1%          3
 Ignite Poison            Fire/Tmut/Pois 100%       N/A       1%          3
 Inner Flame              Hex/Fire       100%       N/A       1%          3
 Mephitic Cloud           Conj/Pois/Air  100%       N/A       1%          3
 Ozocubu's Armour         Ice            100%       N/A       1%          3
 Portal Projectile        Hex/Tloc       100%       N/A       1%          3
 Spider Form              Tmut/Pois      92%        N/A       1%          3
 Stone Arrow              Conj/Erth      100%       3d13      1%          3
 Summon Guardian Golem    Hex/Summ       100%       N/A       1%          3
 Teleport Other           Tloc           73%        N/A       1%          3
 Tukima's Dance           Hex            87%        N/A       1%          3
 Vampiric Draining        Necr           100%       2d13      1%          3
 Vhi's Electric Charge    Tloc/Air       100%       N/A       1%          3
 Volatile Blastmotes      Fire/Tloc      100%       2d18      1%          3
 Airstrike                Air            40%        2d(6-22)  1%          4
 Anguish                  Hex/Necr       57%        N/A       1%          4
 Animate Armour           Summ/Erth      100%       N/A       1%          4
 Animate Dead             Necr           100%       N/A       1%          4
 Cause Fear               Hex            43%        N/A       1%          4
 Dispel Undead            Necr           100%       3d31      1%          4
 Flame Wave               Conj/Fire      100%       2d21      1%          4
 Ice Form                 Ice/Tmut       100%       N/A       1%          4
 Leda's Liquefaction      Hex/Erth       55%        N/A       1%          4
 Petrify                  Tmut/Erth      100%       N/A       1%          4
 Sticky Flame             Conj/Fire      100%       2d11      1%          4
 Summon Ice Beast         Ice/Summ       100%       N/A       1%          4
 Summon Lightning Spire   Summ/Air       100%       N/A       1%          4
 Arcjolt                  Conj/Air       68%        1d78      1%          5
 Blade Hands              Tmut           59%        N/A       1%          5
 Borgnjor's Vile Clutch   Necr/Erth      66%        N/A       1%          5
 Freezing Cloud           Conj/Ice/Air   69%        6-21      1%          5
 Irradiate                Conj/Tmut      76%        3d37      1%          5
 Iskenderun's Battlesphe  Conj           100%       2d15      1%          5
 Lee's Rapid Deconstruct  Erth           64%        3d29*     1%          5
 Metabolic Englaciation   Hex/Ice        51%        N/A       1%          5
 Summon Forest            Summ/Tloc      55%        N/A       1%          5
 Summon Mana Viper        Hex/Summ       100%       N/A       1%          5
 Yara's Violent Unravell  Hex/Tmut       52%        3d20      1%          5
 Conjure Ball Lightning   Conj/Air       68%        3x3d25    1%          6
 Death Channel            Necr           67%        N/A       1%          6
 Eringya's Noxious Bog    Tmut/Pois      46%        N/A       1%          6
 Plasma Beam              Fire/Air       68%        2x1d84    1%          6
 Simulacrum               Ice/Necr       63%        N/A       1%          6
 Starburst                Conj/Fire      93%        6d23      1%          6
 Statue Form              Tmut/Erth      82%        N/A       1%          6
 Summon Cactus Giant      Summ           67%        N/A       1%          6
 Dragon Form              Tmut           59%        N/A       1%          7
 Haunt                    Necr/Summ      67%        N/A       1%          7
 Monstrous Menagerie      Summ           67%        N/A       1%          7
 Orb of Destruction       Conj           80%        9d18      1%          7
 Ozocubu's Refrigeration  Ice            58%        4d20      1%          7
 Summon Hydra             Summ           67%        N/A       1%          7
 Borgnjor's Revivificati  Necr           67%        N/A       1%          8
 Ignition                 Fire           80%        3d21      1%          8
 Infestation              Necr           67%        N/A       1%          8
 Olgreb's Toxic Radiance  Pois           53%        N/A       2%          4
 Alistair's Intoxication  Tmut/Pois      61%        N/A       2%          5
 Shatter                  Erth           64%        3d48*     2%          9
 Manifold Assault         Tloc           73%        N/A       3%          4
 Passage of Golubria      Tloc           73%        N/A       3%          4
 Silence                  Hex/Air        41%        N/A       3%          5
 Dragon's Call            Summ           67%        N/A       3%          9
 Storm Form               Tmut/Air       50%        N/A       8%          7
 Chain Lightning          Conj/Air       68%        3d90      19%         9
 Dispersal                Tloc           36%        N/A       22%         6
 Enfeeble                 Hex            43%        N/A       26%         7
 Maxwell's Capacitive Co  Air            40%        ∞         56%         8
 Discord                  Hex            43%        N/A       82%         8
 Disjunction              Tloc           36%        N/A       99%         8


Dungeon Overview and Level Annotations

Branches:
Dungeon (15/15)            Temple (1/1) D:7            Lair (5/5) D:9
  Swamp (4/4) Lair:3       Spider (4/4) Lair:3        Slime (5/5) Lair:5
    Orc (2/2) D:9             Elf (3/3) Orc:2        Vaults (5/5) D:13
  Crypt (3/3) Vaults:3       Tomb (3/3) Crypt:3      Depths (4/4) D:15
   Hell (visited)             Dis (7/7) Hell            Geh (7/7) Hell
    Coc (7/7) Hell            Tar (7/7) Hell            Zot (5/5) Depths:4
  Sewer (visited)           IceCv (visited)         Gauntlet (visited)

Altars:
Ashenzari
Cheibriados
Dithmenos
Elyvilon
Fedhas
Gozag
Hepliaklqana
Kikubaaqudgha
Makhleb
Nemelex Xobeh
Okawaru
Qazlal
Ru
Sif Muna
Trog
Uskayaw
Vehumet
Wu Jian
Xom
Yredelemnul
Zin
The Shining One

Shops:
D:4 *   D:8 [   D:13 ***   Orc:2 ((([*   Elf:3 =:=   Depths:1 !(

Portals:
Hell: Depths:1 Depths:2 Depths:3 Depths:4
Abyss: Depths:3
Pandemonium: Depths:2
Ziggurat: Depths:3

Annotations:
D:10 2 transporters, pornopis's ghost, journeyman MiFi
D:11 3 transporters
Lair:2 exclusion: downstairs


Innate Abilities, Weirdness & Mutations

You have a pair of small antennae on your head.
You have a somewhat thin skeletal structure. (Dex +2, Stealth+)
You sometimes lose your temper in combat.
You are clumsy. (Dex -2)
Your natural rate of healing is unusually fast.
You are robust. (+10% HP)


Message History

The Orb Guardian is severely wounded.
You kill the Orb Guardian!
Vehumet accepts your kill.
You feel your power returning.
The winds around you start to calm down.
You are engulfed in whirling frost.
The winds around you calm down.
A demonspawn warmonger comes into view.
It is wielding a +3 demon whip of venom and wearing a +9 plate armour of ponderousness.
The demonspawn warmonger moves out of view.
Aiming: Dig
Press: ? - help, Shift-Dir - straight line A rock wall.
This square is covered in magical glow.
The rock shatters into small pieces.
There is a stone staircase leading up here.
You fly upwards.
There is a stone staircase leading down here.
There is a stone staircase leading up here.
You fly upwards.
There is a stone staircase leading down here.
You reach down and open the door.
There is an open door here.
Okay, then.
Unknown command.
Okay, then.
There is an open door here.
Magic restored.
There is an open door here.
Casting: Polar Vortex (dangerous; 11% risk of failure)
Confirm with . or Enter, or press ? or * to list all spells.
Okay, then.
Unknown command.
Unknown command.
Casting: Polar Vortex (dangerous; 11% risk of failure)
Confirm with . or Enter, or press ? or * to list all spells.
Okay, then.
Okay, then.
Unknown command.
There is a staircase leading out of the dungeon here.
You have escaped!

#####.##.# #.##.#..# #.#...#..
.........####.##.#..#####.#.#....
.................................
####.##...................##.#...
.# #..##.................##..#..#
.# #...##..8..##'##..8..##...#...
.# #....##...##...##...##....##..
.# #.....#####.....#####.....##..
.# #............@............##.#
## ##.......................###.#
################'############ #.#
...#...........#..#############.#
...'...........X.................
...#...........####.......#####..
...#.............##.......# ###
...###########...##.......#######
...###########...##.......'......


You could see a large abomination (wandering).

Vanquished Creatures
  Cerebov (Pan)
  Antaeus (Coc:7)
  Asmodeus (Geh:7)
  the Royal Jelly (Slime:5)
  Dissolution (Slime:2)
  Gloorx Vloq (Pan)
  A seraph (Zot:4)
  the Serpent of Hell (Coc:7)
  Lom Lobon (Pan)
  8 dread liches
  4 orbs of fire
  5 ancient liches
  Mara (Vaults:3)
  Mennas (Pan)
  33 juggernauts
  7 pandemonium lords (Pan)
  44 royal mummies
  the Lernaean hydra (Swamp:4)
  Parghit (Depths:3)
  8 Killer Klowns
  13 shard shrikes
  Frederick (Vaults:3)
  36 caustic shrikes
  Geryon (Hell)
  5 golden dragons
  8 profane servitors
  18 bone dragons
  7 Tzitzimimeh (Tar:7)
  2 shard shrike zombies
  10 doom hounds
  11 Brimstone Fiends
  3 electric golems
  4 hellephants
  Rupert (D:13)
  12 iron giants
  19 Hell Sentinels
  19 Orb Guardians
  Grunn (Zot:1)
  13 tentacled monstrosities
  19 tainted leviathans
  11 liches
  14 Ice Fiends
  4 deep elf blademasters
  8 searing wretches
  A walking divine tome (Depths:3)
  A walking frostbound tome (Depths:2)
  8 quicksilver dragons
  8 deep elf master archers
  28 acid blobs
  19 Executioners (Pan)
  6 titans
  5 death cobs
  Frances (Swamp:2)
  10 sphinxes
  2 tentacled starspawn
  18 ancient champions
  9 storm dragons
  6 tengu reavers
  Gastronok (D:9)
  6 revenants
  17 draconian monks
  11 shadow dragons
  20 azure jellies
  4 narguns
  Donald (Vaults:3)
  19 fire giants
  16 rockslimes
  A fenstrider witch (Zig:16)
  14 quicksilver elementals
  14 frost giants
  17 draconian knights
  3 deep elf sorcerers
  16 vault wardens
  4 demonspawn warmongers (Pan)
  23 balrugs
  2 deep elf elementalists (Elf:3)
  15 draconian scorchers
  2 emperor scorpions
  7 iron dragons
  6 angels
  3 caustic shrike zombies
  17 ironbound preservers
  8 ghost moths
  A spectral juggernaut (Tar:1)
  6 curse skulls
  A juggernaut zombie (Crypt:3)
  2 spectral caustic shrikes (Tar:5)
  24 orc warlords
  13 reapers
  12 draconian stormcallers
  A ghoul (Zig:11)
  15 cacodemons
  4 broodmothers
  16 draconian shifters
  10 formless jellyfish
  7 shard shrike simulacra
  16 draconian annihilators
  2 demonspawn blood saints (Pan)
  5 demonspawn corrupters
  14 quicksilver oozes
  23 very ugly things
  8 deep elf demonologists
  2 spriggan defenders
  2 caustic shrike skeletons
  39 stone giants
  The ghost of Eno Nim the Basher, a journeyman GrMo of Cheibriados (D:15)
  20 war gargoyles
  4 ironbound thunderhulks
  13 black draconians
  A juggernaut skeleton (Tar:7)
  7 putrid mouths
  A spectral titan (Tar:1)
  8 green draconians
  2 eleionomae
  13 yellow draconians
  8 demonspawn black suns
  11 vampire knights
  11 bennus
  17 elemental wellsprings
  6 dire elephants
  A minotaur (Gauntlet)
  8 deep elf annihilators
  19 red draconians
  18 white draconians
  3 bunyips
  A starcursed mass (Zig:5)
  8 wendigos
  14 lorocyprocas
  4 spark wasps
  12 blizzard demons
  17 eidola
  17 purple draconians
  11 merfolk javelineers
  6 deep elf death magi
  13 iron golems
  13 green deaths
  23 mummy priests
  7 jiangshi
  Josephine (D:10)
  18 ettins
  17 fire dragons
  6 deep elf high priests
  A crystal guardian (Vaults:3)
  A spectral golden dragon (Zig:12)
  7 great orbs of eyes
  2 shambling mangroves (Zig:16)
  Harold (Lair:2)
  An entropy weaver (Spider:2)
  12 rakshasas
  18 yaktaur captains
  2 ice dragons (shapeshifter) (Depths:2)
  34 vault guards
  15 hydras
  A hell beast (Pan)
  3 spectral spriggans
  A catoblepas (shapeshifter) (Depths:2)
  A radroach (Spider:3)
  7 caustic shrike simulacra
  2 ghost crabs
  4 peacekeepers
  2 catoblepae
  21 ice dragons
  6 spriggan air magi
  4 juggernaut simulacra
  5 ogre magi
  11 salamander tyrants
  A fenstrider witch skeleton (Pan)
  8 stokers
  3 alligators
  4 spriggan skeletons
  13 two-headed ogres
  8 boulder beetles
  60 death scarabs
  3 ironbound frosthearts
  12 centaur warriors
  15 dancing weapons
  6 satyrs (Zig:20)
  9 demonic crawlers
  A death knight (Vaults:3)
  10 vampire magi
  A tengu warrior (D:15)
  6 deep troll shamans
  28 hell hogs
  6 deep troll earth magi
  A spectral emperor scorpion (Spider:3)
  2 death yaks (Lair:5)
  5 naga sharpshooters (Zig:20)
  2 spectral nagas
  A thrashing horror (Zig:5)
  Urug (D:11)
  4 spriggan berserkers
  30 orc high priests
  A titan zombie (Tomb:1)
  8 hell knights (Depths:1)
  19 crystal echidnas
  Nergalle (Orc:1)
  36 sun demons
  35 soul eaters
  12 deep elf knights
  A titan skeleton (Crypt:3)
  4 wretched stars
  24 skeletal warriors
  A spectral ghost moth (Spider:3)
  2 pharaoh ants (Spider:4)
  A skyshark (Lair:3)
  Amaemon (D:9)
  18 sixfirhies
  A spectral bunyip (Tar:1)
  23 iron trolls
  A fire crab (Lair:3)
  7 spatial maelstroms
  A bunyip zombie (Crypt:3)
  A goliath frog (Zig:16)
  A sea snake (Zig:6)
  3 quicksilver dragon simulacra
  39 shadow wraiths
  2 death drakes (Zig:16)
  33 deep trolls
  9 glowing orange brains
  6 shadow demons
  A storm dragon skeleton (Pan)
  4 spriggan simulacra
  4 orb spiders
  A spark wasp zombie (Hell)
  A swamp dragon (shapeshifter) (Depths:3)
  3 spectral jorogumos (Spider:3)
  5 flayed ghosts
  19 ironbound convokers
  4 spriggan druids
  A shadow dragon zombie (Zig:24)
  18 orc knights
  25 large abominations
  7 deep elf archers
  13 wizards
  3 steelbarb worms
  An anaconda skeleton (Crypt:3)
  An obsidian statue (IceCv)
  10 phantasmal warriors
  9 swamp dragons
  14 bog bodies
  2 wolf spider zombies (Spider:4)
  An iron giant skeleton (Tar:7)
  A golden dragon skeleton (Zig:24)
  10 wolf spiders
  Pikel (D:5)
  An orange crystal statue (Zig:9)
  21 necromancers
  6 harpies (Zig:2)
  2 sphinx zombies
  23 orc sorcerers
  An iron dragon zombie (Zig:24)
  2 spectral wolf spiders (Spider:4)
  A shadow dragon skeleton (Zig:24)
  A tengu skeleton (Zig:24)
  11 shining eyes
  2 tengu zombies (Hell)
  5 lindwurms
  11 deep elf pyromancers
  23 deep elf zephyrmancers
  An eleionoma zombie (Crypt:1)
  26 ugly things
  A wolf spider (shapeshifter) (Vaults:5)
  2 stone giant zombies (Hell)
  3 will-o-the-wisps
  A spectral ettin (Tar:6)
  4 manticores
  42 moths of wrath
  A faun (shapeshifter) (Vaults:4)
  2 dire elephant zombies
  9 cyclopes
  A manticore (shapeshifter) (Depths:4)
  5 fauns (Zig:20)
  A worldbinder (Abyss:2)
  A guardian serpent (shapeshifter) (Elf:1)
  A stone giant skeleton (Pan)
  A water nymph (Zig:6)
  2 merfolk sirens
  4 black mambas (Lair:3)
  A naga mage (D:15)
  Joseph (D:8)
  4 molten gargoyles (Geh:7)
  13 vault sentinels
  8 eyes of devastation
  19 orange demons
  A centaur zombie (Crypt:3)
  5 centaur skeletons
  3 rust devils
  3 torpor snails
  5 naga skeletons
  An apocalypse crab (Abyss:3)
  26 smoke demons
  A storm dragon simulacrum (Zig:24)
  An eye of devastation (shapeshifter) (Vaults:3)
  5 ice statues
  A gargoyle (D:13)
  5 komodo dragons
  5 unseen horrors
  2 titan simulacra
  6 cane toads
  A sea snake zombie (Hell)
  A pale draconian zombie (Crypt:2)
  2 dire elephant skeletons
  2 spectral redbacks (Spider:4)
  26 hellions
  6 rime drakes
  7 efreet
  19 yaktaurs
  Psyche (D:11)
  21 tormentors
  A komodo dragon (shapeshifter) (Depths:2)
  3 ancient zymes
  A spectral glowing shapeshifter (Zig:12)
  25 freezing wraiths
  10 ice devils
  59 guardian mummies
  3 bunyip simulacra
  10 anaconda simulacra
  2 polar bears
  2 golden dragon simulacra
  2 iron giant simulacra
  A tengu conjurer (D:15)
  2 burning bushes (Lair:4)
  A ghost moth simulacrum (Spider:3)
  2 hydra zombies (Hell)
  A queen bee (shapeshifter) (D:15)
  20 trolls
  3 harpy zombies
  A meliai (shapeshifter) (D:14)
  2 red devils (Pan)
  A wind drake (Zig:2)
  2 silent spectres
  24 hellwings
  4 spectral harpies
  2 spriggan zombies
  3 bloated husks
  3 meliai
  6 merfolk (Zig:6)
  A jorogumo simulacrum (Spider:3)
  4 hydra skeletons
  20 hornets
  15 blink frogs
  A blink frog (shapeshifter) (Abyss:3)
  Grinder (D:6)
  4 tyrant leeches
  7 tarantellas
  10 dream sheep
  A raiju (Abyss:3)
  An ettin zombie (Hell)
  An iron dragon simulacrum (Coc:7)
  14 jumping spiders
  6 harpy skeletons
  84 slime creatures
  2 air elementals (Elf:1)
  A snapping turtle (Zig:6)
  26 flying skulls
  20 ushabtiu
  13 culicivoras
  2 centaur simulacra (Coc:2)
  A stone giant simulacrum (Coc:1)
  2 vampires
  17 ynoxinuls
  7 spriggans
  A spriggan (shapeshifter) (Vaults:5)
  35 yaks
  2 shadows
  2 alligator skeletons (Hell)
  7 dire elephant simulacra
  A human (shapeshifter) (Depths:2)
  A naga simulacrum (Coc:1)
  4 water elementals
  12 wraiths
  2 black mamba skeletons (Pan)
  5 golden eyes
  3 wyverns
  2 fire elementals
  A minotaur simulacrum (IceCv)
  A basilisk (Lair:1)
  14 chaos spawn
  16 neqoxecs
  2 steam dragons (D:8)
  20 redbacks
  8 harpy simulacra
  9 vampire mosquitoes
  A naga zombie (Crypt:3)
  13 swamp worms
  A swamp worm (shapeshifter) (Zig:10)
  11 wargs
  An acid dragon (D:10)
  8 spatial vortices (Abyss:3)
  3 hydra simulacra
  10 water moccasins
  2 floating eyes
  3 glowing shapeshifter zombies (Hell)
  A fire bat skeleton (Crypt:1)
  6 hell hounds (Hell)
  A cane toad zombie (Crypt:2)
  A deep troll skeleton (Pan)
  2 small abominations
  87 orc warriors
  4 swamp drakes (Swamp:4)
  5 ice beasts
  4 ettin simulacra
  2 radroach simulacra (Spider:3)
  3 sky beasts
  A fire dragon simulacrum (Abyss:1)
  3 alligator simulacra
  14 centaurs
  50 ogres
  8 wolves
  The ghost of vurker the Magician, an amateur DjAE (D:6)
  4 boggarts
  4 lemures (D:5)
  A snapping turtle skeleton (Crypt:1)
  A phantom (D:4)
  2 nameless horrors (Lair:4)
  5 kobold brigands
  8 bullfrogs
  A gnoll sergeant (D:10)
  A scorpion (D:4)
  2 earth elementals
  A deep troll simulacrum (IceCv)
  5 wyvern skeletons (Crypt:3)
  8 wights
  A yak zombie (Crypt:1)
  12 killer bees
  A lindwurm simulacrum (IceCv)
  An electric eel (D:15)
  5 howler monkeys
  4 lava snakes (D:11)
  A jelly (D:5)
  2 gnoll boudas
  26 orc priests
  A sleepcap (D:5)
  An iguana (D:6)
  Ijyb (D:3)
  31 orc wizards
  2 hell rats (D:8)
  4 lightning spires (Zig:21)
  A deep dwarf skeleton (Crypt:1)
  45 mummies
  6 adders
  15 gnolls
  19 river rats
  2 shadow imps
  2 white imps
  An ufetubus (D:7)
  A lava snake skeleton (Crypt:1)
  A worm (D:2)
  2 dart slugs (D:1)
  50 orcs
  8 bats
  A bat zombie (Crypt:2)
  2 endoplasms
  5 giant cockroaches
  7 goblins
  7 hobgoblins
  6 jackals (D:1)
  7 quokkas
  22 ball pythons
  4 frilled lizards
  39 kobolds
  41 rats
  3 ball lightnings (Pan)
  4 creeping infernos
  40 fire vortices
  A fulminant prism (Gauntlet)
  A lurking horror (Abyss:3)
  A starspawn tentacle (Abyss:3)
3917 creatures vanquished.

Vanquished Creatures (collateral kills)
  Ereshkigal (Tar:7)
  Mnoleg (Pan)
  Dispater (Dis:7)
  Khufu (Tomb:1)
  3 ancient liches
  2 orbs of fire (Zot:5)
  3 juggernauts
  3 royal mummies
  2 shard shrikes (Coc:7)
  2 caustic shrikes (Dis:7)
  Nikola (Swamp:1)
  3 profane servitors
  A golden dragon (Zot:3)
  A doom hound (Zot:1)
  5 bone dragons (Tar:7)
  3 Brimstone Fiends
  8 hellephants
  2 Tzitzimimeh
  An electric golem (Zot:5)
  3 iron giants (Dis:7)
  A spectral shard shrike (Tar:6)
  An Ice Fiend (Zig:15)
  3 tentacled monstrosities
  A lich (Abyss:1)
  2 tainted leviathans (Tar:6)
  11 searing wretches
  A deep elf blademaster (Elf:3)
  2 Hell Sentinels
  4 titans
  5 Orb Guardians
  3 sphinxes
  The ghost of Apeheil the Alchemist, an adept HuAr of Ru (Spider:3)
  3 Executioners (Pan)
  4 acid blobs
  A tentacled starspawn (Abyss:1)
  2 shadow dragons
  2 storm dragons
  A tengu reaver (D:15)
  2 draconian monks
  An iron dragon (Dis:3)
  4 azure jellies
  6 frost giants
  4 fire giants
  A fenstrider witch (Swamp:3)
  5 quicksilver elementals
  2 draconian knights
  5 vault wardens
  A caustic shrike zombie (Crypt:2)
  2 rockslimes
  2 emperor scorpions (Spider:4)
  2 draconian scorchers (Zot:4)
  3 ghouls (Crypt:2)
  A juggernaut zombie (Hell)
  5 cacodemons (Pan)
  15 balrugs
  A spectral caustic shrike (Tar:2)
  2 shard shrike simulacra
  An orc warlord (Vaults:3)
  A draconian stormcaller (Depths:4)
  A demonspawn corrupter (Pan)
  5 reapers (Pan)
  3 war gargoyles
  6 ironbound preservers
  2 demonspawn blood saints (Pan)
  5 stone giants
  A quicksilver ooze (Slime:5)
  A spriggan defender (Depths:4)
  A vampire knight (Crypt:2)
  4 very ugly things
  A formless jellyfish (Vaults:3)
  3 demonspawn black suns (Pan)
  2 draconian annihilators
  A bennu (Tomb:2)
  An elemental wellspring (Coc:6)
  4 ironbound thunderhulks
  2 lorocyprocas
  2 black draconians
  A deep elf demonologist (Elf:3)
  A bunyip (Swamp:2)
  A wendigo (Coc:7)
  A yellow draconian (Zot:3)
  6 dire elephants
  3 spark wasps
  2 putrid mouths (Tar:4)
  A purple draconian (Zot:4)
  4 deep elf annihilators (Elf:3)
  A red draconian (Zot:5)
  An eidolon (Crypt:1)
  3 green deaths (Pan)
  A starcursed mass (Abyss:3)
  A deep elf death mage (Elf:3)
  13 iron golems
  2 jiangshi (Depths:1)
  5 mummy priests
  2 quicksilver dragon zombies
  An ettin (Depths:4)
  4 yaktaur captains
  A fire dragon (Zot:3)
  2 great orbs of eyes
  4 shambling mangroves
  An ice dragon (Depths:1)
  2 caustic shrike simulacra (Coc:7)
  A rakshasa (Depths:1)
  4 salamander tyrants
  3 entropy weavers
  9 hydras
  8 vault guards
  A jorogumo (Lair:3)
  2 ogre magi
  A spriggan air mage (Depths:2)
  3 catoblepae (Lair:5)
  2 ghost crabs
  8 ironbound frosthearts
  4 alligators
  20 dancing weapons
  3 spriggan skeletons
  8 centaur warriors
  4 stokers
  11 two-headed ogres
  2 boulder beetles
  A vampire mage (Crypt:1)
  13 death scarabs
  9 death yaks (Lair:5)
  A deep troll earth mage (Depths:4)
  2 thrashing horrors
  2 spriggan berserkers
  3 hell hogs
  2 demonic crawlers
  2 spectral emperor scorpions
  11 spriggans
  4 soul eaters (Pan)
  3 hell knights (Depths:1)
  2 titan skeletons
  3 iron trolls
  8 pharaoh ants
  27 sun demons
  7 deep elf knights
  4 skeletal warriors
  A titan zombie (Crypt:2)
  2 crystal echidnas
  A skyshark (Lair:5)
  10 sixfirhies
  3 spriggan druids
  A quicksilver dragon simulacrum (Coc:7)
  3 goliath frogs
  19 deep trolls
  2 spriggan simulacra (Coc:7)
  2 bog bodies
  8 ironbound convokers
  9 swamp dragons
  2 orb spiders
  4 necromancers
  A steelbarb worm (Spider:3)
  9 deep elf pyromancers
  7 phantasmal warriors
  12 deep elf zephyrmancers
  3 lindwurms (Vaults:1)
  5 deep elf archers
  3 orc knights
  A broodmother zombie (Spider:4)
  3 orc sorcerers
  13 wolf spiders
  2 stone giant zombies
  5 harpies (Vaults:2)
  3 will-o-the-wisps
  2 manticores (Lair:5)
  4 moths of wrath
  3 cyclopes
  3 spectral ettins
  A worldbinder (Gauntlet)
  A shadow dragon skeleton (Zig:24)
  Maurice (Orc:2)
  A guardian serpent (Abyss:1)
  An eye of devastation (Slime:4)
  8 ugly things
  9 elephants
  A centaur zombie (Crypt:3)
  A stone giant skeleton (Crypt:3)
  7 smoke demons
  4 molten gargoyles (Geh:7)
  3 cane toads (Lair:5)
  7 vault sentinels
  9 orange demons
  2 spriggan zombies
  3 centaur skeletons (D:15)
  4 dire elephant skeletons
  A titan simulacrum (Coc:1)
  A torpor snail (Spider:2)
  A spectral redback (Spider:4)
  5 hellions
  3 efreet
  A green draconian zombie (Crypt:1)
  3 komodo dragons
  10 yaktaurs
  A redback zombie (Spider:4)
  A golden dragon simulacrum (Coc:7)
  3 anaconda simulacra
  A burning bush (Lair:4)
  A spectral harpy (Tar:4)
  5 tormentors
  An alligator snapping turtle skeleton (Pan)
  An ice devil (Pan)
  A troll (Orc:1)
  3 meliai
  11 guardian mummies
  8 hellwings
  9 hornets
  A queen bee (Lair:4)
  A hydra skeleton (Tomb:2)
  A spectral jumping spider (Spider:4)
  2 spectral tarantellas (Spider:4)
  A culicivora zombie (Spider:4)
  A jumping spider zombie (Spider:4)
  14 tarantellas
  5 blink frogs
  8 tyrant leeches
  2 raiju (Abyss:3)
  3 dream sheep (Lair:5)
  19 jumping spiders
  A tarantella zombie (Spider:4)
  21 slime creatures
  11 culicivoras
  5 flying skulls
  5 ynoxinuls (Pan)
  6 water elementals
  A wraith (D:11)
  26 yaks
  2 air elementals (Elf:1)
  A black mamba skeleton (Tomb:1)
  3 ushabtiu
  An alligator skeleton (Crypt:2)
  2 fire elementals (Elf:1)
  7 vampire mosquitoes
  A golden eye (Zig:27)
  24 redbacks
  3 neqoxecs (Pan)
  4 chaos spawn
  A minotaur simulacrum (IceCv)
  7 water moccasins
  3 hell hounds
  13 large abominations
  6 swamp worms
  4 swamp drakes (Swamp:4)
  9 orc warriors
  2 naga skeletons
  3 small abominations (Abyss:1)
  A radroach simulacrum (Spider:3)
  19 ogres
  A centaur (D:13)
  A kobold brigand (D:13)
  A nameless horror (Spider:1)
  A bullfrog (Lair:4)
  4 earth elementals
  A naga simulacrum (Coc:7)
  2 wyvern skeletons (Crypt:3)
  2 killer bees (Lair:4)
  5 vampire bats (Lair:4)
  5 orc priests
  A human zombie (Crypt:2)
  6 orc wizards
  A scorpion zombie (Crypt:1)
  31 mummies
  A gnoll (Zig:17)
  A shadow imp (Pan)
  A white imp (Abyss:2)
  5 orcs
  3 bats (Lair:4)
  A jackal skeleton (Crypt:2)
  5 kobolds
  3 butterflies (Zot:1)
  3 creeping infernos
  6 fire vortices
  A starspawn tentacle (Abyss:3)
1090 creatures vanquished.

Vanquished Creatures (others)
  A hydra (Swamp:3)
  A spriggan druid (Swamp:2)
  A will-o-the-wisp (Swamp:1)
  A hellion (Geh:6)
  An iron giant simulacrum (Coc:7)
  A tarantella zombie (Spider:4)
  A jumping spider (Spider:4)
  A spriggan (Swamp:3)
  A swamp worm (Swamp:4)
  A small abomination (Abyss:1)
  6 creeping infernos
  1932 fire vortices
  16 foxfires
  265 fulminant prisms
  2 starspawn tentacles (Abyss:3)
2231 creatures vanquished.

Grand Total: 7238 creatures vanquished

Notes
Turn   | Place    | Note
-------+----------+-------------------------------------------
     0 | D:1      | AvylaarBelgium the Deep Elf Conjurer began the quest for
                  | the Orb.
     0 | D:1      | Reached XP level 1. HP: 10/10 MP: 6/6
   189 | D:1      | Reached XP level 2. HP: 15/15 MP: 4/8
   575 | D:1      | Reached skill level 5 in Conjurations
   575 | D:1      | Reached XP level 3. HP: 19/19 MP: 7/10
   610 | D:1      | Learned a level 2 spell: Searing Ray
  1085 | D:2      | Found a faded altar of an unknown god.
  1144 | D:2      | Reached XP level 4. HP: 24/24 MP: 2/12
  1645 | D:3      | Noticed Ijyb
  1656 | D:3      | Killed Ijyb
  1657 | D:3      | Reached skill level 5 in Spellcasting
  1698 | D:3      | Identified a scroll of acquirement
  1801 | D:3      | Found a glowing drain.
  1825 | Sewer    | Entered a sewer
  1916 | Sewer    | Learned a level 4 spell: Fulminant Prism
  1921 | Sewer    | Learned a level 4 spell: Iskenderun's Mystic Blast
  1961 | Sewer    | Reached XP level 5. HP: 28/28 MP: 3/14
  2743 | Sewer    | Reached XP level 6. HP: 29/32 MP: 3/17
  2861 | Sewer    | Acquired a +2 pair of boots of flying
  3455 | D:3      | Gained mutation: Your body sometimes deteriorates upon
                  | taking damage. [potion of mutation]
  3610 | D:4      | Found an iron altar of Okawaru.
  3864 | D:4      | Reached XP level 7. HP: 29/36 MP: 1/20
  4015 | D:4      | Found a broken altar of Ashenzari.
  4017 | D:4      | Found a basalt altar of Yredelemnul.
  4059 | D:4      | Found Faqudo Tedi's Assorted Antiques.
  4069 | D:4      | Bought a scroll labelled LASMYKH YDOG for 27 gold pieces
  4517 | D:5      | Entered Level 5 of the Dungeon
  4724 | D:5      | Noticed Pikel
  5206 | D:5      | You are sucked into a shaft and drop 3 floors!
  5342 | D:7      | Reached XP level 8. HP: 24/41 MP: 6/23
  5673 | D:7      | Reached skill level 10 in Spellcasting
  6225 | D:7      | Found a staircase to the Ecumenical Temple.
  6248 | Temple   | Entered the Ecumenical Temple
  6258 | Temple   | Became a worshipper of Vehumet
  6447 | D:6      | Reached skill level 10 in Conjurations
  6447 | D:6      | Found a runed translucent door.
  6457 | D:6      | Noticed vurker's ghost (amateur DjAE)
  6466 | D:6      | Killed vurker's ghost
  6484 | D:6      | Reached XP level 9. HP: 45/45 MP: 13/26
  6555 | D:6      | Noticed Grinder
  6560 | D:6      | Killed Grinder
  7025 | D:5      | Killed Pikel
  7409 | D:8      | Found Ajoasusoro's Antique Armour Emporium.
  7420 | D:8      | Noticed a two-headed ogre
  7441 | D:8      | Killed a two-headed ogre
  7559 | D:8      | Noticed Joseph
  7577 | D:8      | Killed Joseph
  7707 | D:8      | Reached XP level 10. HP: 46/50 MP: 15/29
  7797 | D:8      | Noticed a cyan ugly thing
  7814 | D:8      | Killed a cyan ugly thing
  7814 | D:8      | Reached * piety under Vehumet
  7814 | D:8      | Offered knowledge of Kiss of Death by Vehumet.
  7940 | D:8      | Identified the +0 leather armour of Feasting {Str+3}
  7960 | D:8      | Noticed a two-headed ogre
  7963 | D:8      | Killed a two-headed ogre
  8234 | D:8      | Reached skill level 15 in Spellcasting
  8379 | D:8      | Reached skill level 1 in Hexes
  8550 | D:8      | Found a hazy altar of Hepliaklqana.
  8573 | D:8      | Found a shadowy altar of Dithmenos.
  8591 | D:8      | Reached skill level 1 in Fighting
  8731 | D:8      | Identified the +5 trident "Dink" {drain, rC+ Dex+3}
  8740 | D:8      | Identified the +6 shortbow "Jialataw" {drain, rPois Str-2
                  | Dex+4}
  8772 | D:8      | Offered knowledge of Poisonous Vapours by Vehumet.
  8776 | D:8      | Reached ** piety under Vehumet
  8984 | D:8      | Offered knowledge of Hailstorm by Vehumet.
  9338 | D:9      | Learned a level 3 spell: Hailstorm
  9468 | D:9      | Found a staircase to the Lair.
  9471 | D:9      | Noticed Amaemon
  9487 | D:9      | Killed Amaemon
  9488 | D:9      | Reached XP level 11. HP: 57/57 MP: 24/32
  9666 | D:9      | Found a staircase to the Orcish Mines.
  9689 | D:9      | Lost mutation: Your body sometimes deteriorates upon taking
                  | damage. [potion of mutation]
  9689 | D:9      | Gained mutation: You have a pair of small antennae on your
                  | head. [potion of mutation]
  9689 | D:9      | Gained mutation: You are robust. (+10% HP) [potion of
                  | mutation]
  9689 | D:9      | Gained mutation: Your natural rate of healing is unusually
                  | fast. [potion of mutation]
  9984 | D:9      | Reached *** piety under Vehumet
  9997 | D:9      | Reached skill level 5 in Dodging
 10031 | D:9      | Noticed a two-headed ogre
 10040 | D:9      | Killed a two-headed ogre
 10041 | D:9      | Reached skill level 5 in Hexes
 10107 | D:9      | Noticed a green ugly thing
 10110 | D:9      | Noticed a brown ugly thing
 10113 | D:9      | Noticed a two-headed ogre
 10114 | D:9      | Killed a green ugly thing
 10114 | D:9      | Killed a green ugly thing
 10114 | D:9      | Offered knowledge of Mephitic Cloud by Vehumet.
 10120 | D:9      | Killed a two-headed ogre
 10120 | D:9      | Noticed a wizard
 10121 | D:9      | Killed a wizard
 10133 | D:9      | Noticed a two-headed ogre
 10142 | D:9      | Killed a two-headed ogre
 10145 | D:9      | Noticed Gastronok
 10295 | D:9      | Found the +5 robe of Night {Dark Will+ SInv}
 10367 | D:9      | Killed Gastronok
 10392 | D:9      | Learned a level 3 spell: Swiftness
 10396 | D:9      | Learned a level 3 spell: Spider Form
 10624 | D:9      | Learned a level 5 spell: Lee's Rapid Deconstruction
 10631 | D:9      | Learned a level 6 spell: Leda's Unmaking
 10645 | D:10     | Entered Level 10 of the Dungeon
 10903 | D:10     | Noticed pornopis's ghost (journeyman MiFi)
 10907 | D:10     | Found a transporter.
 10984 | D:10     | Found a transporter.
 10987 | D:10     | Noticed Josephine
 10994 | D:10     | Reached skill level 1 in Earth Magic
 10996 | D:10     | Killed Josephine
 10996 | D:10     | Reached **** piety under Vehumet
 10997 | D:10     | Reached skill level 5 in Fighting
 10997 | D:10     | Reached skill level 1 in Air Magic
 11004 | D:10     | Reached XP level 12. HP: 74/74 MP: 31/33
 11528 | Lair:1   | Entered Level 1 of the Lair of Beasts
 11608 | Lair:1   | Noticed a boulder beetle
 11622 | Lair:1   | Offered knowledge of Stone Arrow by Vehumet.
 11752 | Lair:1   | Killed a boulder beetle
 12154 | Lair:1   | You are sucked into a shaft and drop 1 floor!
 12386 | Lair:2   | Noticed Harold
 12392 | Lair:2   | Killed Harold
 13530 | Lair:2   | Noticed a six-headed hydra
 13538 | Lair:2   | Killed a six-headed hydra
 13539 | Lair:2   | Reached skill level 5 in Earth Magic
 14028 | Lair:3   | Reached skill level 5 in Air Magic
 14030 | Lair:3   | Reached ***** piety under Vehumet
 14042 | Lair:3   | Offered knowledge of Spellforged Servitor by Vehumet.
 14043 | Lair:3   | Reached skill level 10 in Dodging
 14284 | Lair:3   | Reached XP level 13. HP: 82/82 MP: 30/34
 14608 | Lair:3   | Learned a level 7 spell: Spellforged Servitor
 14781 | Lair:3   | Reached skill level 1 in Summonings
 14782 | Lair:3   | Found a hole to the Spider Nest.
 15179 | Lair:3   | Found a staircase to the Swamp.
 15288 | Lair:3   | Found the +3 pair of seven-league boots {Rampage+∞}
 15772 | Lair:4   | Reached skill level 5 in Summonings
 15864 | Lair:4   | Found a gate leading to a gauntlet.
 15871 | Gauntlet | Entered a Gauntlet
 15871 | Gauntlet | Found a transporter.
 15994 | Gauntlet | Found a transporter.
 16014 | Gauntlet | Found a transporter.
 16022 | Gauntlet | Found a transporter.
 16027 | Gauntlet | Found a transporter.
 16049 | Gauntlet | Found a transporter.
 16061 | Gauntlet | Found a transporter.
 16073 | Gauntlet | Found a transporter.
 16086 | Gauntlet | Noticed a balrug
 16089 | Gauntlet | Noticed a dire elephant
 16104 | Gauntlet | Found a transporter.
 16138 | Gauntlet | Found a transporter.
 16146 | Gauntlet | Found a large runed translucent door.
 16147 | Gauntlet | Found a large runed translucent door.
 16149 | Gauntlet | Found a runed translucent gate.
 16150 | Gauntlet | Found a transporter.
 16150 | Gauntlet | Found a runed translucent gate.
 16151 | Gauntlet | Found a runed translucent gate.
 16155 | Gauntlet | Found a large runed translucent door.
 16156 | Gauntlet | Found a large runed translucent door.
 16163 | Gauntlet | Found a large runed translucent door.
 16164 | Gauntlet | Found a large runed translucent door.
 16165 | Gauntlet | Found a large runed translucent door.
 16165 | Gauntlet | Found a large runed translucent door.
 16165 | Gauntlet | Found a runed translucent door.
 16166 | Gauntlet | Found a large runed translucent door.
 16167 | Gauntlet | Found a large runed translucent door.
 16175 | Gauntlet | Found a transporter.
 16176 | Gauntlet | Found a runed translucent door.
 16177 | Gauntlet | Found a large runed translucent door.
 16177 | Gauntlet | Found a large runed translucent door.
 16187 | Gauntlet | Found a transporter.
 16191 | Gauntlet | Found a transporter.
 16237 | Gauntlet | Found a transporter.
 16581 | Gauntlet | Found a transporter.
 16657 | Gauntlet | Found a transporter.
 16663 | Gauntlet | Found a transporter.
 16807 | Gauntlet | Identified the ring of the Clam {rC+ Will+}
 16874 | Gauntlet | Killed a dire elephant
 16912 | Gauntlet | Identified the ring "Popol" {Fire rN+ Str+4 Int+3 Dex-3}
 17017 | Gauntlet | Identified the +0 quarterstaff of the Moon {flame, Will+}
 17017 | Gauntlet | Noticed a minotaur
 17025 | Gauntlet | Killed a minotaur
 17042 | Gauntlet | Got Sif Muna's Guidebook on Malisons
 17062 | Gauntlet | Got Sif Muna's Vellum of the Band
 17392 | Lair:4   | Reached XP level 14. HP: 88/88 MP: 33/36
 17588 | Lair:5   | Entered Level 5 of the Lair of Beasts
 17593 | Lair:5   | Offered knowledge of Freezing Cloud by Vehumet.
 18062 | Lair:5   | Reached skill level 15 in Conjurations
 18229 | Lair:5   | Identified the ring of Unkobey {Fly rC++ MP+9 Str-2 Int+2}
 18414 | Lair:5   | Found a hide-covered altar of Uskayaw.
 18442 | Lair:5   | Found a staircase to the Slime Pits.
 18536 | Lair:5   | Found an ornate altar of the Wu Jian Council.
 18632 | Lair:5   | Learned a level 2 spell: Blink
 19076 | Spider:1 | Entered Level 1 of the Spider Nest
 19082 | Spider:1 | Reached skill level 10 in Summonings
 19358 | Spider:1 | Reached skill level 1 in Shields
 19361 | Spider:1 | Offered knowledge of Ozocubu's Refrigeration by Vehumet.
 19487 | Spider:1 | Reached XP level 15. HP: 92/92 MP: 5/38
 19493 | Spider:1 | Noticed an emperor scorpion
 19706 | Spider:1 | Killed an emperor scorpion
 19758 | Spider:1 | Reached skill level 10 in Earth Magic
 20277 | Spider:1 | Learned a level 7 spell: Ozocubu's Refrigeration
 20384 | Spider:1 | Reached skill level 1 in Ice Magic
 20950 | Spider:2 | Reached ****** piety under Vehumet
 21124 | Spider:2 | Offered knowledge of Orb of Destruction by Vehumet.
 21167 | Spider:2 | Learned a level 7 spell: Orb of Destruction
 21883 | Spider:3 | Reached skill level 5 in Ice Magic
 22061 | Spider:3 | Found a runed translucent gate.
 22061 | Spider:3 | Found a runed translucent gate.
 22061 | Spider:3 | Found a runed translucent gate.
 22065 | Spider:3 | Noticed Apeheil's ghost (adept HuAr)
 22086 | Spider:3 | Killed Apeheil's ghost
 22277 | Spider:3 | Identified the ring "Sosiytun" {rF+ rC- rN+ Dex+3}
 22650 | Spider:4 | Entered Level 4 of the Spider Nest
 22734 | Spider:4 | Reached XP level 16. HP: 99/99 MP: 31/41
 22735 | Spider:4 | Offered knowledge of Yara's Violent Unravelling by Vehumet.
 24922 | Spider:4 | Got a gossamer rune of Zot
 25173 | Swamp:1  | Entered Level 1 of the Swamp
 25444 | Swamp:1  | Noticed Nikola
 25463 | Swamp:1  | Killed Nikola
 25623 | Swamp:1  | You are sucked into a shaft and drop 1 floor!
 25631 | Swamp:2  | Noticed Frances
 25634 | Swamp:2  | Killed Frances
 25634 | Swamp:2  | Offered knowledge of Fireball by Vehumet.
 25641 | Swamp:2  | Learned a level 5 spell: Fireball
 25692 | Swamp:2  | Reached skill level 1 in Fire Magic
 25876 | Swamp:2  | Reached XP level 17. HP: 75/103 MP: 25/44
 26984 | Swamp:4  | Entered Level 4 of the Swamp
 27122 | Swamp:4  | Reached skill level 5 in Fire Magic
 27260 | Swamp:4  | Offered knowledge of Lehudib's Crystal Spear by Vehumet.
 27395 | Swamp:4  | Learned a level 8 spell: Lehudib's Crystal Spear
 27724 | Swamp:4  | Noticed the 27-headed Lernaean hydra
 27734 | Swamp:4  | Killed the 27-headed Lernaean hydra
 27825 | Swamp:4  | Got a decaying rune of Zot
 28257 | Orc:1    | Entered Level 1 of the Orcish Mines
 28567 | Orc:1    | Noticed Maurice
 28569 | Orc:1    | Noticed Nergalle
 28573 | Orc:1    | Killed Nergalle
 28596 | Orc:2    | Entered Level 2 of the Orcish Mines
 28879 | Orc:2    | Killed Maurice
 29089 | Orc:2    | Found Janket's Assorted Antiques.
 29095 | Orc:2    | Bought a scroll of fog for 136 gold pieces
 29095 | Orc:2    | Bought a scroll of teleportation for 102 gold pieces
 29139 | Orc:2    | Found Paeskeic's Antique Weapon Shop.
 29139 | Orc:2    | Found Siklor's Antique Weapon Emporium.
 29140 | Orc:2    | Found Hoer's Antique Armour Shoppe.
 29140 | Orc:2    | Found Wintantok's Weapon Shop.
 29145 | Orc:2    | Bought a fine dagger for 252 gold pieces
 29145 | Orc:2    | Identified the +5 dagger of Courage {venom, rC+ rN+ Str+2}
                  | (You bought it in a shop on level 2 of the Orcish Mines)
 29182 | Orc:2    | Reached XP level 18. HP: 110/110 MP: 46/46
 29391 | Orc:2    | Found a staircase to the Elven Halls.
 29472 | Orc:2    | Offered knowledge of Polar Vortex by Vehumet.
 29472 | Orc:2    | Offered knowledge of Maxwell's Capacitive Coupling by
                  | Vehumet.
 29618 | Orc:2    | Bought a potion of curing for 102 gold pieces
 29618 | Orc:2    | Bought a potion of curing for 102 gold pieces
 29629 | Elf:1    | Entered Level 1 of the Elven Halls
 29999 | Elf:1    | Found a stormy altar of Qazlal.
 29999 | Elf:1    | Paralysed by an air elemental for 1 turns
 30004 | Elf:1    | Paralysed by an air elemental for 1 turns
 30065 | Elf:1    | Paralysed by an air elemental for 1 turns
 30090 | Elf:1    | Acquired the ring of Xaexarerph {EV+5 Int+6 SInv}
 30748 | Elf:2    | Found a runed translucent gate.
 30748 | Elf:2    | Found a runed translucent gate.
 30749 | Elf:2    | Found a runed translucent gate.
 32017 | Elf:3    | Entered Level 3 of the Elven Halls
 32059 | Elf:3    | Reached skill level 10 in Fire Magic
 32738 | Elf:3    | Identified the ring "Kosy Heu" {rF- rCorr Int+4 Dex+6}
 32776 | Elf:3    | Reached XP level 19. HP: 108/108 MP: 15/48
 33132 | Elf:3    | Found Hikyetuo's Jewellery Boutique.
 33132 | Elf:3    | Found Farumm's Jewellery Boutique.
 33133 | Elf:3    | Found Jehub's Book Emporium.
 33303 | Elf:3    | Bought the amulet "Elayfem" {Reflect Drain +Inv rElec rC++
                  | SH+5} for 943 gold pieces
 33381 | Elf:3    | Identified the ring of Keraluf {Fly rC+ rCorr Int-5 Dex+7}
 33584 | Elf:3    | Found the +2 pair of slick slippers {slick, slippery, EV+4}
 33602 | Elf:3    | Identified the +0 fire dragon scales of Nuoggu {rF++ rC-
                  | rN+ rCorr Slay+2}
 33604 | Elf:3    | Got the Parchment of Fluctuating Left-Handed Spells
 33610 | Elf:3    | Identified the +1 rapier of Enormous Valiance {drain,
                  | Str+2}
 33667 | Elf:3    | Identified the +0 chain mail "Ythrecye" {Contam Fly rF+
                  | Slay+2}
 33694 | Elf:3    | Identified the +1 cloak of Lethargy {Int+3}
 33944 | D:11     | Found a transporter.
 33972 | D:11     | Found a transporter.
 33976 | D:11     | Found a transporter.
 33978 | D:11     | Found a transporter.
 33981 | D:11     | Noticed Urug
 33983 | D:11     | Killed Urug
 34451 | D:11     | Noticed Psyche
 34452 | D:11     | Killed Psyche
 35087 | D:12     | Identified the +8 sling of Light {flame, Fragile rPois rC++
                  | Str+4}
 35664 | D:13     | Found Imugelei's General Store.
 35675 | D:13     | Bought a potion of resistance for 140 gold pieces
 35675 | D:13     | Bought an orb of energy for 224 gold pieces
 35675 | D:13     | Bought a potion of curing for 42 gold pieces
 35675 | D:13     | Bought a potion of magic for 112 gold pieces
 35735 | D:13     | Found Husaul's General Store.
 35741 | D:13     | Bought a potion of curing for 42 gold pieces
 35741 | D:13     | Bought a scroll of fear for 56 gold pieces
 35796 | D:13     | Found a portal to a secret trove of treasure.
 35877 | D:13     | Noticed Rupert
 35879 | D:13     | Killed Rupert
 35911 | D:13     | Found Doen's Assorted Antiques.
 35918 | D:13     | Bought a transparent robe for 245 gold pieces
 35918 | D:13     | Identified the +2 robe "Kuonoheh" {Str+5 Int+3} (You bought
                  | it in a shop on level 13 of the Dungeon)
 35918 | D:13     | Bought an encrusted leather armour for 301 gold pieces
 35918 | D:13     | Identified the +0 leather armour "Hezyss" {Rampage Str-4
                  | Int+3} (You bought it in a shop on level 13 of the Dungeon)
 36366 | D:13     | Found a gate to the Vaults.
 36720 | Vaults:1 | Entered Level 1 of the Vaults
 37511 | Vaults:1 | Got Gawuet's Spellbook of Grey Striking
 38013 | Vaults:1 | Reached XP level 20. HP: 127/127 MP: 36/51
 38333 | Vaults:2 | Reached skill level 10 in Fighting
 38508 | Vaults:2 | Acquired 737 gold pieces
 38635 | Vaults:2 | Learned a level 9 spell: Fire Storm
 39862 | Vaults:3 | Noticed Donald
 39868 | Vaults:3 | Killed Donald
 39956 | Vaults:3 | Noticed Frederick
 39968 | Vaults:3 | Killed Frederick
 40241 | Vaults:3 | Reached skill level 15 in Fire Magic
 40288 | Vaults:3 | Noticed Mara
 40408 | Vaults:3 | Killed Mara
 40531 | Vaults:3 | Reached XP level 21. HP: 134/134 MP: 40/53
 40719 | Vaults:3 | Found a staircase to the Crypt.
 40955 | Vaults:4 | Identified the +1 ring mail of Ankaedi {Contam rN+ rCorr
                  | Dex+7}
 40990 | Vaults:4 | Identified the +6 battleaxe of the Endless March
                  | {antimagic, rElec Int+2}
 42054 | Vaults:5 | Entered Level 5 of the Vaults
 42117 | Vaults:5 | Noticed an ancient lich
 42120 | Vaults:5 | Killed an ancient lich
 42287 | Vaults:5 | Noticed an ancient lich
 42289 | Vaults:5 | Killed an ancient lich
 42485 | Vaults:5 | Reached XP level 22. HP: 139/139 MP: 44/54
 42695 | Vaults:5 | Identified the ring "Moimun" {MP+9 Str+3 Dex+3}
 42710 | Vaults:5 | Identified the +3 hand axe "Niemiq" {flame, rC+ Will+}
 42710 | Vaults:5 | Identified the ring "Odwikopn" {Fly rN+}
 43326 | Vaults:5 | Identified the +4 chain mail of Yesterday {Will+++}
 43500 | Vaults:5 | Got a silver rune of Zot
 43596 | Vaults:5 | Identified the +4 great sword of Teaching Certain Death
                  | {spect, Int+2}
 44252 | Slime:1  | Entered Level 1 of the Pits of Slime
 44613 | Slime:2  | Noticed Dissolution
 44618 | Slime:2  | Killed Dissolution
 44864 | Slime:5  | Entered Level 5 of the Pits of Slime
 44891 | Slime:5  | Noticed the Royal Jelly
 44897 | Slime:5  | Killed the Royal Jelly
 44898 | Slime:5  | Reached skill level 15 in Summonings
 45328 | Slime:5  | Got a slimy rune of Zot
 45329 | Slime:5  | Identified the +0 pair of boots of the Constellations
                  | {rElec rF++ Dex+2 Stlth-}
 45340 | Slime:5  | Identified the +10 sling "Feulorusm" {elec, rF- rC+ rN+
                  | Will+}
 45347 | Slime:5  | Found the +7 great mace "Undeadhunter" {deathbane, rN+}
 45373 | Slime:5  | Got Gloorx Vloq's Catalogue of Evil Mysteries
 45380 | Slime:5  | Got the Disquisition on the Ensnaring Jaunt
 46281 | D:14     | Found a blossoming altar of Fedhas.
 46709 | D:15     | Entered Level 15 of the Dungeon
 46860 | D:15     | Found a staircase to the Depths.
 46951 | D:15     | Found a frozen archway.
 46960 | IceCv    | Entered an ice cave
 46977 | IceCv    | Reached XP level 23. HP: 145/145 MP: 55/55
 46987 | IceCv    | Reached skill level 15 in Dodging
 46999 | IceCv    | Learned a level 8 spell: Necromutation
 47024 | IceCv    | Reached skill level 1 in Necromancy
 47056 | IceCv    | Reached skill level 1 in Transmutations
 47109 | IceCv    | Found an ancient bone altar of Kikubaaqudgha.
 47596 | D:15     | Found a runed translucent gate.
 47597 | D:15     | Found a runed translucent gate.
 47598 | D:15     | Found a runed translucent gate.
 47628 | D:15     | Noticed Eno Nim's ghost (journeyman GrMo)
 47759 | D:15     | Killed Eno Nim's ghost
 47781 | D:15     | Got the Monograph on the Earthen Dose
 48330 | Depths:1 | Entered Level 1 of the Depths
 48338 | Depths:1 | Reached skill level 5 in Necromancy
 48342 | Depths:1 | Reached skill level 5 in Transmutations
 48627 | Depths:1 | Found Eruecotu's Weapon Shoppe.
 48627 | Depths:1 | Found Kexkuaz's Distillery.
 48634 | Depths:1 | Bought a potion of cancellation for 160 gold pieces
 48634 | Depths:1 | Bought 2 potions of heal wounds for 200 gold pieces
 48634 | Depths:1 | Bought a potion of curing for 60 gold pieces
 48634 | Depths:1 | Bought a potion of haste for 200 gold pieces
 48948 | Depths:1 | Found a gateway to Hell.
 49196 | Depths:1 | Found a runed translucent door.
 49203 | Depths:1 | Noticed a caustic shrike
 49204 | Depths:1 | Noticed a caustic shrike
 49207 | Depths:1 | Killed a caustic shrike
 49207 | Depths:1 | Killed a caustic shrike
 49431 | Depths:2 | Found a one-way gate leading to the halls of Pandemonium.
 49457 | Depths:2 | Reached skill level 10 in Necromancy
 49630 | Depths:2 | Found a sparkling altar of Nemelex Xobeh.
 49630 | Depths:2 | Found an ancient bone altar of Kikubaaqudgha.
 49633 | Depths:2 | Found a shadowy altar of Dithmenos.
 49680 | Depths:2 | Reached skill level 10 in Transmutations
 49834 | Depths:2 | Reached XP level 24. HP: 150/150 MP: 37/55
 50482 | Depths:2 | Identified the amulet "Qoer" {Drain Will- Regen+ rCorr
                  | Int+7}
 50722 | Hell     | Entered the Vestibule of Hell
 50722 | Hell     | Noticed Geryon
 50728 | Hell     | Killed Geryon
 50765 | Hell     | Noticed a dread lich
 50765 | Hell     | Killed a dread lich
 50866 | Hell     | Found a gateway to the decaying netherworld of Tartarus.
 50947 | Hell     | Found a gateway to the ashen valley of Gehenna.
 51051 | Hell     | Found a gateway to the Iron City of Dis.
 51142 | Hell     | Found a gateway to the freezing wastes of Cocytus.
 51154 | Hell     | Reached skill level 15 in Necromancy
 51205 | Hell     | Upgraded the game from 0.31-a0-216-g22e908daa7 to
                  | 0.31-a0-217-g58bb5d79cf
 51230 | Coc:1    | Entered Level 1 of Cocytus
 51765 | Coc:3    | Noticed a shard shrike
 51768 | Coc:3    | Killed a shard shrike
 51913 | Coc:3    | Noticed a shard shrike
 51914 | Coc:3    | Noticed a shard shrike
 51916 | Coc:3    | Killed a shard shrike
 51917 | Coc:3    | Killed a shard shrike
 51924 | Coc:3    | Noticed a shard shrike
 51927 | Coc:3    | Killed a shard shrike
 51965 | Coc:3    | You are sucked into a shaft and drop 3 floors!
 51967 | Coc:6    | Reached skill level 15 in Transmutations
 52007 | Coc:6    | Reached XP level 25. HP: 155/155 MP: 42/55
 52334 | Coc:7    | Entered Level 7 of Cocytus
 52441 | Coc:7    | Noticed a shard shrike
 52442 | Coc:7    | Killed a shard shrike
 52443 | Coc:7    | Noticed a shard shrike
 52443 | Coc:7    | Killed a shard shrike
 52590 | Coc:7    | Noticed a shard shrike
 52591 | Coc:7    | Noticed a shard shrike
 52593 | Coc:7    | Killed a shard shrike
 52597 | Coc:7    | Killed a shard shrike
 52603 | Coc:7    | Noticed a shard shrike
 52604 | Coc:7    | Killed a shard shrike
 52787 | Coc:7    | Noticed a shard shrike
 52790 | Coc:7    | Killed a shard shrike
 52924 | Coc:7    | Noticed a shard shrike
 52926 | Coc:7    | Killed a shard shrike
 52961 | Coc:7    | Noticed the Serpent of Hell
 52965 | Coc:7    | Killed the Serpent of Hell
 53169 | Coc:7    | Noticed a shard shrike
 53172 | Coc:7    | Killed a shard shrike
 53498 | Coc:7    | Noticed Antaeus
 53530 | Coc:7    | Killed Antaeus
 53547 | Coc:7    | Got an icy rune of Zot
 53797 | Coc:7    | Noticed a shard shrike
 53800 | Coc:7    | Killed a shard shrike
 53993 | Tar:1    | Entered Level 1 of Tartarus
 54542 | Tar:3    | Lost strength.
 54718 | Geh:1    | Entered Level 1 of Gehenna
 55825 | Geh:4    | Reached XP level 26. HP: 161/161 MP: 20/55
 56746 | Geh:7    | Entered Level 7 of Gehenna
 57538 | Geh:7    | Reached skill level 27 in Spellcasting
 57597 | Geh:7    | Identified the ring "Basorri" {rN+ MP+9 Str+2}
 58073 | Geh:7    | Identified the +2 shortbow of Deflation {drain, rC+ Will+
                  | Int+4}
 58216 | Geh:7    | Found the +13 sceptre of Asmodeus
 58216 | Geh:7    | Noticed Asmodeus
 58438 | Geh:7    | Killed Asmodeus
 58504 | Geh:7    | Got an obsidian rune of Zot
 58864 | Dis:1    | Entered Level 1 of the Iron City of Dis
 59609 | Dis:5    | Noticed a dread lich
 59612 | Dis:5    | Killed a dread lich
 59895 | Dis:7    | Entered Level 7 of the Iron City of Dis
 60346 | Dis:7    | Reached XP level 27. HP: 152/167 MP: 27/56
 61981 | Dis:7    | Identified the +0 scale mail of Light {Will+}
 62247 | Dis:7    | Identified the amulet of Xaab {Spirit Regen+}
 62270 | Dis:7    | Noticed Dispater
 62282 | Dis:7    | Killed Dispater
 62396 | Dis:7    | Got an iron rune of Zot
 62794 | Dis:7    | Identified the +3 glaive "Viulukk" {freeze, Int+3}
 62802 | Dis:7    | Identified the +5 flail "Gesoargh" {heavy, rF- rN++}
 62847 | Dis:7    | Identified the staff "Joytwesh" {rC+ Str+3 Ice}
 62985 | Dis:7    | Identified the +9 scimitar "Urraz" {venom, rElec Will+
                  | Dex+3}
 64253 | Tar:6    | Reached skill level 1 in Evocations
 64830 | Tar:7    | Entered Level 7 of Tartarus
 65107 | Tar:7    | Reached skill level 15 in Fighting
 65259 | Tar:7    | Noticed Ereshkigal
 65277 | Tar:7    | Killed Ereshkigal
 65306 | Tar:7    | Got a bone rune of Zot
 65418 | Tar:7    | Noticed a dread lich
 65418 | Tar:7    | Noticed an ancient lich
 65420 | Tar:7    | Noticed an ancient lich
 65421 | Tar:7    | Killed a dread lich
 65421 | Tar:7    | Killed an ancient lich
 65421 | Tar:7    | Killed an ancient lich
 65639 | Tar:7    | Identified the +9 sling of a sewer {heavy, rN+}
 65642 | Tar:7    | Got the Precepts of the Nightingale
 65670 | Tar:7    | Identified the staff of Defence {*Slow Fly rPois rF+ rN+
                  | Necro}
 65939 | Tar:7    | Identified the +3 executioner's axe of the Fool {heavy,
                  | Dex+3}
 65940 | Tar:7    | Identified the +3 short sword of Honour {holy, rPois rN+++
                  | Will- Int-5}
 65994 | Tar:7    | Identified the +1 great sword of War {freeze, rF+}
 66012 | Tar:7    | Identified the amulet "Cauck" {Reflect rF+ rC+ rCorr Str-5
                  | SH+5}
 66014 | Tar:7    | Identified the ring "Gemurod" {rCorr AC+4 Str+2 Int-2}
 66362 | D:13     | You paid a toll of the horn of Geryon to enter a treasure
                  | trove
 66363 | Trove    | Entered a treasure trove
 66379 | Trove    | Identified the +0 leather armour "Qiox" {MP+9}
 66386 | Trove    | Identified the amulet "Guleemuulo" {Spirit Will++}
 66390 | Trove    | Identified the amulet of Veuf {Spirit Dex+5 Slay+2}
 66394 | Trove    | Identified the ring of Due Proportion {rPois rC+++ rN+ AC+4
                  | Str-3 Int-2}
 66619 | Crypt:1  | Entered Level 1 of the Crypt
 66907 | Crypt:1  | Identified the +1 leather armour of Bequeathed Leaves
                  | {Rampage rCorr Int+3 Dex-3}
 68342 | Crypt:3  | Entered Level 3 of the Crypt
 68722 | Crypt:3  | Noticed an ancient lich
 68727 | Crypt:3  | Killed an ancient lich
 68728 | Crypt:3  | Identified the ring "Eblutt" {rElec Int+2 Slay+3 SInv
                  | Stlth+}
 68736 | Crypt:3  | Found the -2 hat of the Alchemist {rElec rPois rF+ rC+ rN+
                  | Will+ rMut rCorr}
 68737 | Crypt:3  | Noticed a dread lich
 68739 | Crypt:3  | Killed a dread lich
 68998 | Crypt:3  | Found an ancient bone altar of Kikubaaqudgha.
 69081 | Crypt:3  | Reached skill level 15 in Earth Magic
 69330 | Crypt:3  | Found a staircase to the Tomb.
 69521 | Crypt:3  | Got the Codex of Iniquitous Secrets
 69522 | Crypt:3  | Identified the staff of Melee {rElec rN+ Will+ Stlth+ Conj}
 69971 | Tomb:1   | Entered Level 1 of the Tomb of the Ancients
 70017 | Tomb:1   | Noticed Khufu
 70022 | Tomb:1   | Killed Khufu
 70215 | Tomb:1   | Identified the +7 leather armour "Jotoarr" {rN+ Int+3}
 70418 | Tomb:1   | Noticed a royal mummy
 70424 | Tomb:1   | Killed a royal mummy
 70438 | Tomb:1   | Killed a royal mummy
 70485 | Tomb:1   | Noticed a royal mummy
 70493 | Tomb:1   | Killed a royal mummy
 71164 | Tomb:2   | Noticed a royal mummy
 71173 | Tomb:2   | Killed a royal mummy
 71173 | Tomb:2   | Noticed a royal mummy
 71175 | Tomb:2   | Killed a royal mummy
 71182 | Tomb:2   | Paralysed by a Zot trap for 5 turns
 71185 | Tomb:2   | Noticed a royal mummy
 71188 | Tomb:2   | Noticed a royal mummy
 71189 | Tomb:2   | Killed a royal mummy
 71189 | Tomb:2   | Killed a royal mummy
 71194 | Tomb:2   | Noticed a royal mummy
 71196 | Tomb:2   | Killed a royal mummy
 71680 | Tomb:1   | Noticed a royal mummy
 71682 | Tomb:1   | Killed a royal mummy
 71702 | Tomb:1   | Noticed a royal mummy
 71704 | Tomb:1   | Killed a royal mummy
 71718 | Tomb:1   | Noticed a royal mummy
 71720 | Tomb:1   | Killed a royal mummy
 71809 | Tomb:1   | Noticed a royal mummy
 71812 | Tomb:1   | Killed a royal mummy
 72027 | Tomb:1   | Noticed a royal mummy
 72030 | Tomb:1   | Killed a royal mummy
 72075 | Tomb:1   | Noticed a royal mummy
 72077 | Tomb:1   | Killed a royal mummy
 72081 | Tomb:1   | Noticed a royal mummy
 72082 | Tomb:1   | Killed a royal mummy
 72089 | Tomb:1   | Noticed a royal mummy
 72091 | Tomb:1   | Killed a royal mummy
 72236 | Tomb:1   | Noticed a royal mummy
 72238 | Tomb:1   | Killed a royal mummy
 72247 | Tomb:1   | Noticed a royal mummy
 72249 | Tomb:1   | Killed a royal mummy
 72270 | Tomb:1   | Noticed a royal mummy
 72271 | Tomb:1   | Noticed a royal mummy
 72272 | Tomb:1   | Killed a royal mummy
 72272 | Tomb:1   | Killed a royal mummy
 72326 | Tomb:1   | Noticed a royal mummy
 72330 | Tomb:1   | Killed a royal mummy
 72330 | Tomb:1   | Noticed a royal mummy
 72333 | Tomb:1   | Killed a royal mummy
 72356 | Tomb:1   | Noticed a royal mummy
 72359 | Tomb:1   | Killed a royal mummy
 72362 | Tomb:1   | Killed a royal mummy
 72369 | Tomb:1   | Noticed a royal mummy
 72370 | Tomb:1   | Killed a royal mummy
 72737 | Tomb:3   | Entered Level 3 of the Tomb of the Ancients
 72768 | Tomb:3   | Noticed a royal mummy
 72769 | Tomb:3   | Killed a royal mummy
 72772 | Tomb:3   | Killed a royal mummy
 72780 | Tomb:3   | Killed a royal mummy
 72786 | Tomb:3   | Noticed a royal mummy
 72788 | Tomb:3   | Killed a royal mummy
 72938 | Tomb:3   | Identified the +4 great mace of the Delightful God
                  | {protect, rPois Will++ Int+2 Dex+3}
 72947 | Tomb:3   | Identified the +4 long sword of the Parsimonious God
                  | {freeze, Str+3}
 72952 | Tomb:3   | Identified the +0 plate armour of the End {rC+}
 72972 | Tomb:3   | Identified the +1 hand axe of Illizos {freeze, Fly rN+ MP+9
                  | Dex+2}
 72986 | Tomb:3   | Identified the +8 battleaxe "Wenynai" {drain, Dex+2}
 73012 | Tomb:3   | Noticed a royal mummy
 73013 | Tomb:3   | Killed a royal mummy
 73026 | Tomb:3   | Noticed a royal mummy
 73030 | Tomb:3   | Killed a royal mummy
 73032 | Tomb:3   | Noticed a royal mummy
 73033 | Tomb:3   | Killed a royal mummy
 73051 | Tomb:3   | Noticed a royal mummy
 73052 | Tomb:3   | Killed a royal mummy
 73053 | Tomb:3   | Killed a royal mummy
 73667 | Tomb:3   | Got a golden rune of Zot
 74372 | Depths:2 | Learned a level 9 spell: Death's Door
 74375 | Pan      | Entered Pandemonium
 74413 | Pan      | Reached skill level 1 in Armour
 74441 | Pan      | Found a runed translucent door.
 74450 | Pan      | Found a runed translucent door.
 74451 | Pan      | Noticed Qeqeqyep the pandemonium lord
 74597 | Pan      | Found a runed translucent door.
 74623 | Pan      | Killed Qeqeqyep the pandemonium lord
 74740 | Pan      | Found a runed translucent door.
 75509 | Pan      | Found a huge runed translucent gate.
 75512 | Pan      | Found a huge runed translucent gate.
 75513 | Pan      | Found a huge runed translucent gate.
 75513 | Pan      | Found a huge runed translucent gate.
 75513 | Pan      | Found a huge runed translucent gate.
 75520 | Pan      | Noticed Nolot the pandemonium lord
 75524 | Pan      | Killed Nolot the pandemonium lord
 75525 | Pan      | Reached skill level 5 in Armour
 76003 | Pan      | Entered the realm of Lom Lobon.
 76144 | Pan      | Noticed Lom Lobon
 76150 | Pan      | Killed Lom Lobon
 76430 | Pan      | Got a magical rune of Zot
 77152 | Pan      | Noticed Jeawn the pandemonium lord
 77181 | Pan      | Killed Jeawn the pandemonium lord
 77425 | Pan      | Gained mutation: You have a somewhat thin skeletal
                  | structure. (Dex +2, Stealth+) [a neqoxec]
 78191 | Pan      | Entered the realm of Cerebov.
 78315 | Pan      | Noticed Mennas
 78317 | Pan      | Killed Mennas
 78769 | Pan      | Reached skill level 5 in Stealth
 78835 | Pan      | Identified the +12 short sword of Chance {heavy, +Blink
                  | Will+ Str-4 Dex+4}
 78835 | Pan      | Identified the +6 fire dragon scales of the Heavens {rPois
                  | rF++ rC- Str+3 Dex+3}
 78876 | Pan      | Identified the +8 flail "Widowermaker" {venom, Will+ Dex+8}
 78980 | Pan      | Found the +6 sword of Cerebov {flame}
 78980 | Pan      | Noticed Cerebov
 79167 | Pan      | Killed Cerebov
 79200 | Pan      | Got a fiery rune of Zot
 79518 | Pan      | Identified the ring "Mapsec" {Str+5 Int+6}
 79521 | Pan      | Identified the +6 dagger of Salt {elec, Contam rElec rN++
                  | rCorr}
 79574 | Pan      | Identified the +5 flail "Vaunaoge" {heavy, rElec rF+ rC+++
                  | Str-4}
 80071 | Pan      | Noticed Zeseeth the pandemonium lord
 80075 | Pan      | Killed Zeseeth the pandemonium lord
 80145 | Pan      | Entered the realm of Gloorx Vloq.
 81084 | Pan      | Noticed Gloorx Vloq
 81086 | Pan      | Killed Gloorx Vloq
 81175 | Pan      | Reached skill level 5 in Evocations
 81195 | Pan      | Got a dark rune of Zot
 81308 | Pan      | Found an exit through the horrors of the Abyss.
 81658 | Pan      | Took an exit into the Abyss.
 81658 | Abyss:1  | Escaped into the Abyss
 81711 | Abyss:1  | Found a corrupted altar of Lugonu.
 82302 | Abyss:2  | Found a corrupted altar of Lugonu.
 82352 | Abyss:2  | Found a corrupted altar of Lugonu.
 82372 | Abyss:3  | Found a corrupted altar of Lugonu.
 82544 | Abyss:3  | Got an abyssal rune of Zot
 82557 | Depths:2 | Escaped the Abyss
 82715 | Pan      | Entered Pandemonium
 82753 | Pan      | Noticed Meifodwy the pandemonium lord
 82755 | Pan      | Killed Meifodwy the pandemonium lord
 83032 | Pan      | Entered the realm of Mnoleg.
 83624 | Pan      | Noticed Mnoleg
 83660 | Pan      | Killed Mnoleg
 83748 | Pan      | Got a glowing rune of Zot
 83922 | Pan      | Gained mutation: You sometimes lose your temper in combat.
                  | [a cacodemon]
 84020 | Pan      | Identified the +0 hand axe of the Dead {pain, rPois}
 84081 | Pan      | Noticed Tyular the pandemonium lord
 84082 | Pan      | Killed Tyular the pandemonium lord
 84442 | Pan      | Found an exit through the horrors of the Abyss.
 84520 | Pan      | Noticed Zukamm the pandemonium lord
 84523 | Pan      | Killed Zukamm the pandemonium lord
 84554 | Pan      | Got a demonic rune of Zot
 85302 | Pan      | Took an exit into the Abyss.
 85302 | Abyss:3  | Escaped into the Abyss
 85307 | Depths:2 | Escaped the Abyss
 85510 | Depths:3 | Found a one-way gateway to a ziggurat.
 85641 | Depths:3 | Found a one-way gate to the infinite horrors of the Abyss.
 85691 | Depths:3 | Found a bloodstained altar of Trog.
 85742 | Depths:3 | Noticed Parghit
 85745 | Depths:3 | Killed Parghit
 85746 | Depths:3 | Paralysed by a floating eye for 4 turns
 85752 | Depths:3 | Reached skill level 10 in Evocations
 85883 | Depths:3 | Noticed a juggernaut
 85885 | Depths:3 | Killed a juggernaut
 85932 | Depths:3 | Identified the +5 dagger of the Weasel {holy, Int+5}
 85935 | Depths:3 | Identified the +0 plate armour of Defiance {Drain rF+++ rN+
                  | Dex-3}
 86107 | Depths:4 | Entered Level 4 of the Depths
 86188 | Depths:4 | Found a gate to the Realm of Zot.
 86737 | Zig:1    | Entered Level 1 of a ziggurat
 86759 | Zig:2    | Entered Level 2 of a ziggurat
 86776 | Zig:3    | Entered Level 3 of a ziggurat
 86903 | Zig:4    | Entered Level 4 of a ziggurat
 86916 | Zig:4    | Identified the ring of Qugasymu {rF- Str+5 Int+3 SInv}
 86925 | Zig:5    | Entered Level 5 of a ziggurat
 86950 | Zig:5    | Identified the +8 halberd of Destiny {flame, rPois rCorr
                  | Str+2 Int+3}
 87058 | Zig:5    | Identified the ring "Nahist" {Will+ Int+2}
 87066 | Zig:6    | Entered Level 6 of a ziggurat
 87072 | Zig:6    | Reached skill level 27 in Conjurations
 87102 | Zig:6    | Identified the +5 battleaxe of Ybbugaq {spect, *Corrode
                  | Will+ Int+2}
 87111 | Zig:7    | Entered Level 7 of a ziggurat
 87140 | Zig:7    | Identified the +2 ring mail "Vyezxoc" {Harm rF+ rCorr}
 87175 | Zig:8    | Entered Level 8 of a ziggurat
 87207 | Zig:8    | Identified the +0 plate armour "Itujyuwk" {Regen+}
 87216 | Zig:8    | Identified the +3 mace "Ogre's Demise" {freeze, rN+ Dex+2}
 87224 | Zig:9    | Entered Level 9 of a ziggurat
 87234 | Zig:9    | Killed an ancient lich
 87273 | Zig:9    | Identified the staff "Caottol" {rN+ Dex+5 Necro}
 87305 | Zig:10   | Entered Level 10 of a ziggurat
 87315 | Zig:10   | Noticed a dread lich
 87318 | Zig:10   | Killed a dread lich
 87318 | Zig:10   | Noticed an ancient lich
 87320 | Zig:10   | Killed an ancient lich
 87321 | Zig:10   | Reached skill level 27 in Fire Magic
 87328 | Zig:10   | Found the +8 Vampire's Tooth {megavamp}
 87345 | Zig:10   | Identified the staff "Huarionn" {rC+ Summ Earth}
 87348 | Zig:10   | Identified the amulet "Roired" {-Cast rPois rC+ Regen+
                  | Slay+3}
 87372 | Zig:11   | Entered Level 11 of a ziggurat
 87404 | Zig:11   | Identified the +7 sling of Xocs {speed, rN+ Int+2 Stlth+}
 87412 | Zig:11   | Identified the +11 war axe "Yxkagg" {venom, rElec Str+3
                  | Dex+4}
 87463 | Zig:12   | Entered Level 12 of a ziggurat
 87503 | Zig:12   | Identified the +10 quarterstaff "Weodog" {drain, *Slow
                  | Int-4 Dex+8}
 87561 | Zig:13   | Entered Level 13 of a ziggurat
 87604 | Zig:13   | Identified the +1 cloak "Gaaqiry" {-Tele rF+ rN+++ Regen+}
 87624 | Zig:13   | Identified the +4 glaive of Mauling Destruction {drain,
                  | rN++ Int+6 Dex-4}
 87657 | Zig:14   | Entered Level 14 of a ziggurat
 87691 | Zig:14   | Reached skill level 1 in Translocations
 87696 | Zig:14   | Found the +0 pair of fencer's gloves {Riposte Dex+3}
 87709 | Zig:14   | Identified the amulet of Pikiepae {Regen+ rCorr Str+5}
 87720 | Zig:14   | Identified the ring "Qoph" {rF+ Dex+6 Slay+6}
 87778 | Zig:15   | Entered Level 15 of a ziggurat
 87830 | Zig:15   | Identified the +4 falchion of the Terrible God {flame, rF++
                  | SInv}
 87837 | Zig:15   | Identified the ring "Doich" {rC++ rN+}
 87843 | Zig:15   | Identified the +10 dire flail of Demonkind {speed, rN+
                  | Dex+3}
 87920 | Zig:16   | Entered Level 16 of a ziggurat
 87978 | Zig:16   | Identified the ring "Pawid" {rF++ rN+ Dex+6}
 87979 | Zig:16   | Identified the +0 robe "Wofaps" {Stlth+}
 87980 | Zig:16   | Identified the +1 leather armour "Zosyux" {rPois Str+2
                  | Dex+4 Slay-2 SInv}
 87983 | Zig:16   | Identified the amulet of Symmetry {Regen+ Int+4}
 88116 | Zig:17   | Entered Level 17 of a ziggurat
 88125 | Zig:17   | Noticed a juggernaut
 88125 | Zig:17   | Noticed a juggernaut
 88129 | Zig:17   | Killed a juggernaut
 88132 | Zig:17   | Killed a juggernaut
 88134 | Zig:17   | Noticed a juggernaut
 88136 | Zig:17   | Killed a juggernaut
 88136 | Zig:17   | Killed a juggernaut
 88138 | Zig:17   | Killed a juggernaut
 88139 | Zig:17   | Killed a juggernaut
 88169 | Zig:17   | Found the +8 Wrath of Trog {antimagic, *Rage Rampage}
 88195 | Zig:17   | Identified the +7 plate armour of Sokafall {rN+ Stlth+}
 88309 | Zig:18   | Entered Level 18 of a ziggurat
 88367 | Zig:18   | Identified the staff of Growth {rPois rF++ Str-3 Dex+3
                  | Conj}
 88373 | Zig:18   | Identified the staff of Kismet {Contam rElec rN+ Str+3
                  | Dex+2 Air}
 88524 | Zig:19   | Entered Level 19 of a ziggurat
 88531 | Zig:19   | Noticed a juggernaut
 88533 | Zig:19   | Killed a juggernaut
 88534 | Zig:19   | Noticed a juggernaut
 88536 | Zig:19   | Killed a juggernaut
 88546 | Zig:19   | Noticed a juggernaut
 88547 | Zig:19   | Killed a juggernaut
 88548 | Zig:19   | Killed a juggernaut
 88618 | Zig:19   | Found the +5 demon whip "Spellbinder" {antimagic, disrupt,
                  | Will+}
 88620 | Zig:19   | Found the +10 Black Knight's barding {ponderous, rPois rN+}
 88622 | Zig:19   | Identified the ring "Ereph" {Wiz Str+2}
 88622 | Zig:19   | Found the +4 moon troll leather armour {Spirit, Regen++
                  | MP+5}
 88629 | Zig:19   | Identified the +4 orcbow of the Dungeon {elec, rElec rF-
                  | Dex+5 SInv}
 88655 | Zig:19   | Identified the +4 dagger of Bagicekyx {freeze, rPois Str+5}
 88671 | Zig:20   | Entered Level 20 of a ziggurat
 88691 | Zig:20   | Reached skill level 27 in Necromancy
 88720 | Zig:20   | Identified the ring of Feidghuch {*Corrode rElec rPois rF+
                  | SInv}
 88738 | Zig:20   | Identified the ring "Luett" {rElec Will+ Dex+2 SInv}
 88870 | Zig:21   | Entered Level 21 of a ziggurat
 88889 | Zig:21   | Noticed a juggernaut
 88890 | Zig:21   | Killed a juggernaut
 88891 | Zig:21   | Killed a juggernaut
 88893 | Zig:21   | Killed a juggernaut
 88895 | Zig:21   | Noticed a juggernaut
 88895 | Zig:21   | Noticed a juggernaut
 88897 | Zig:21   | Killed a juggernaut
 88897 | Zig:21   | Killed a juggernaut
 88899 | Zig:21   | Killed a juggernaut
 88901 | Zig:21   | Killed a juggernaut
 88957 | Zig:21   | Found the ring of the Hare {EV+10}
 88960 | Zig:21   | Found the +9 sword of Power {lifebolt}
 88983 | Zig:21   | Identified the +8 triple crossbow of Glory {elec, rC+ Str-3
                  | Stlth+}
 88987 | Zig:21   | Identified the ring "Lickamn" {Fly rCorr Str+6}
 89085 | Zig:22   | Entered Level 22 of a ziggurat
 89346 | Zig:22   | Identified the +4 war axe of Gallantry {speed, Int+3}
 89356 | Zig:22   | Identified the staff of Zin's Condemnation {Drain rF+ Will+
                  | Dex+3 Fire Air}
 89496 | Zig:23   | Entered Level 23 of a ziggurat
 89520 | Zig:23   | Killed a juggernaut
 89526 | Zig:23   | Noticed a juggernaut
 89527 | Zig:23   | Killed a juggernaut
 89529 | Zig:23   | Killed a juggernaut
 89532 | Zig:23   | Killed a juggernaut
 89532 | Zig:23   | Noticed a juggernaut
 89533 | Zig:23   | Killed a juggernaut
 89540 | Zig:23   | Noticed a juggernaut
 89540 | Zig:23   | Noticed a juggernaut
 89541 | Zig:23   | Killed a juggernaut
 89542 | Zig:23   | Killed a juggernaut
 89543 | Zig:23   | Killed a juggernaut
 89611 | Zig:23   | Identified the +0 halberd "Goblin's Curse" {freeze, rPois
                  | Dex+3}
 89618 | Zig:23   | Identified the +8 spear of the Shallot {flame, *Corrode
                  | rF++ Will++}
 89621 | Zig:23   | Identified the +7 chain mail of the Last Yaks {rF++ Dex+3}
 89622 | Zig:23   | Identified the +0 chain mail of the Bagpipe {Dex+4 Stlth+}
 89625 | Zig:23   | Identified the +4 scale mail "Gaegyqaf" {Int+3 Dex+3}
 89630 | Zig:23   | Identified the +5 scale mail of Ignis's Reproof {rElec
                  | Regen+}
 89642 | Zig:24   | Entered Level 24 of a ziggurat
 89657 | Zig:24   | Noticed a royal mummy
 89659 | Zig:24   | Killed a royal mummy
 89665 | Zig:24   | Killed a royal mummy
 89668 | Zig:24   | Noticed a royal mummy
 89669 | Zig:24   | Killed a royal mummy
 89671 | Zig:24   | Killed a royal mummy
 89671 | Zig:24   | Killed a royal mummy
 89675 | Zig:24   | Noticed a royal mummy
 89676 | Zig:24   | Killed a royal mummy
 89677 | Zig:24   | Reached skill level 27 in Dodging
 89679 | Zig:24   | Killed a royal mummy
 89681 | Zig:24   | Killed a royal mummy
 89682 | Zig:24   | Killed a royal mummy
 89688 | Zig:24   | Killed a royal mummy
 89690 | Zig:24   | Noticed a royal mummy
 89690 | Zig:24   | Noticed a royal mummy
 89691 | Zig:24   | Killed a royal mummy
 89692 | Zig:24   | Killed a royal mummy
 89693 | Zig:24   | Killed a royal mummy
 89747 | Zig:24   | Identified the +6 spear "Transmigrator" {flame, rElec rPois
                  | Str-5 Dex+6}
 89750 | Zig:24   | Identified the +8 war axe "Beastslayer" {flame, rC+ Int+4}
 89751 | Zig:24   | Identified the amulet "Meacumef" {Reflect *Slow rPois Str+2
                  | Int+4 SH+5}
 89752 | Zig:24   | Identified the +1 morningstar "Xiriod" {heavy, Will+}
 89756 | Zig:24   | Identified the +5 short sword of the Shrike {freeze,
                  | Fragile Str+3 Dex+3}
 89764 | Zig:24   | Identified the +5 rapier "Lifebane" {vamp, Int+6}
 89768 | Zig:24   | Identified the +4 falchion "Tedat" {drain, rF+ MP-9 Int+4}
 89772 | Zig:24   | Identified the +8 quarterstaff of the Shimmering Pariah
                  | {venom, +Blink rN++ Int-4 Dex-5}
 89906 | Zig:25   | Entered Level 25 of a ziggurat
 89938 | Zig:25   | Killed a dread lich
 89946 | Zig:25   | Reached skill level 15 in Evocations
 90159 | Zig:25   | Identified the +1 shortbow of the Nexus {flame, rElec rC++
                  | Dex+2 Stlth-}
 90162 | Zig:25   | Identified the +8 trident of the Lair of Beasts {vamp,
                  | Dex+4 Stlth+}
 90165 | Zig:25   | Identified the +9 triple crossbow of Yruip {flame, +Blink
                  | MP+9 Int+2}
 90178 | Zig:25   | Identified the +4 flail "Qias" {pain, Fragile Dex+3}
 90182 | Zig:25   | Identified the +3 ring mail "Mosomup" {Harm rC- Str+5}
 90241 | Zig:26   | Entered Level 26 of a ziggurat
 90261 | Zig:26   | Noticed a juggernaut
 90264 | Zig:26   | Killed a juggernaut
 90267 | Zig:26   | Noticed a juggernaut
 90268 | Zig:26   | Killed a juggernaut
 90268 | Zig:26   | Killed a juggernaut
 90269 | Zig:26   | Killed a juggernaut
 90269 | Zig:26   | Killed a juggernaut
 90270 | Zig:26   | Reached skill level 10 in Armour
 90271 | Zig:26   | Killed a juggernaut
 90277 | Zig:26   | Killed a juggernaut
 90278 | Zig:26   | Killed a juggernaut
 90279 | Zig:26   | Killed a juggernaut
 90285 | Zig:26   | Killed a juggernaut
 90356 | Zig:26   | Identified the +9 plate armour "Ryrghuun" {rC+ Dex+2
                  | Slay+3}
 90391 | Zig:26   | Identified the +2 rapier of the Gnashing Gods {elec, Int-5
                  | Dex+8}
 90605 | Zig:27   | Entered Level 27 of a ziggurat
 90648 | Zig:27   | Reached skill level 15 in Armour
 90687 | Zig:27   | Found the +4 consecrated labrys {holy, Valiant Fragile Fly
                  | SInv}
 90702 | Zig:27   | Identified the +4 dagger of Makhleb's Regard {spect,
                  | Fragile rPois rN++ Int+4}
 90884 | Depths:4 | Acquired the +1 buckler of Peek-a-Boo {Regen+ Dex+3 Stlth+}
 90888 | Depths:4 | Acquired the +0 pair of gloves of Daisies {Fly Will+ Regen+
                  | Str-4}
 90890 | Depths:4 | Acquired the +3 warlock's mirror {omnireflect}
 90890 | Depths:4 | Found the +3 warlock's mirror {omnireflect}
 90968 | Zot:1    | Entered Level 1 of the Realm of Zot
 91036 | Zot:1    | Noticed Grunn
 91041 | Zot:1    | Killed Grunn
 91179 | Zot:1    | Found a shimmering altar of Xom.
 91179 | Zot:1    | Found a shimmering altar of Xom.
 91233 | Zot:1    | Found a shimmering altar of Xom.
 91233 | Zot:1    | Found a shimmering altar of Xom.
 91236 | Zot:1    | Found a glowing silver altar of Zin.
 91238 | Zot:1    | Found a shimmering altar of Xom.
 92528 | Zot:3    | Noticed an orb of fire
 92542 | Zot:3    | Killed an orb of fire
 92843 | Zot:4    | Reached skill level 27 in Summonings
 92967 | Zot:5    | Entered Level 5 of the Realm of Zot
 93001 | Zot:5    | Reached skill level 10 in Ice Magic
 93271 | Zot:5    | Noticed an orb of fire
 93272 | Zot:5    | Killed an ancient lich
 93274 | Zot:5    | Killed an orb of fire
 93287 | Zot:5    | Noticed an orb of fire
 93295 | Zot:5    | Killed an orb of fire
 93402 | Zot:5    | Noticed an orb of fire
 93408 | Zot:5    | Killed an orb of fire
 93781 | Zot:5    | Reached skill level 15 in Ice Magic
 93796 | Zot:5    | Noticed a dread lich
 93797 | Zot:5    | Noticed a dread lich
 93798 | Zot:5    | Killed a dread lich
 93799 | Zot:5    | Noticed an orb of fire
 93806 | Zot:5    | Killed an orb of fire
 93807 | Zot:5    | Killed a dread lich
 93954 | Zot:5    | Learned a level 9 spell: Polar Vortex
 93967 | Zot:5    | Noticed an orb of fire
 93969 | Zot:5    | Killed an orb of fire
 93983 | Zot:5    | Got the Orb of Zot
 94087 | Zot:4    | Noticed a seraph
 94091 | Zot:4    | Killed a seraph
 94547 | D:5      | Gained mutation: You are clumsy. (Dex -2) [a neqoxec]
 94549 | D:5      | Noticed Jicet the pandemonium lord
 94712 | D:$      | Escaped with the Orb!

Illustrated notes

Levels and vault maps discovered:
D:1:      giann_horns, layout_basic
D:2:      layout_rooms, basic_ecumenical_altar
D:3:      wander_river, layout_basic, portal_sewer_entry_a, uniq_ijyb
D:4:      layout_loops_ring, okawaru_altar_gauntlet_db,
          chequers_temple_overflow_statue_of_worship, serial_shops, shop,
          due_unseen_surprise
D:5:      layout_basic, hellmonk_no_cap, uniq_pikel
D:6:      layout_loops_ring, ebering_ghost_reflecting_pool, uniq_grinder
D:7:      layout_rooms, minmay_temple_entry_nine_rooms, serial_glass,
          glass_columns_b, glass_columns_b, glass_columns_a, glass_columns_c,
          glass_columns_b, glass_columns_a, glass_columns_a, glass_columns_a,
          glass_columns_b, glass_columns_a, glass_columns_b, glass_columns_b,
          glass_columns_c, glass_columns_c, minmay_misc_feat_ornament,
          skrybe_limestone_x
D:8:      lemuel_ratsnest, layout_basic, mainiacjoe_overflow_chevrons,
          mainiacjoe_overflow_small_starburst, serial_shops,
          nicolae_shop_tiny_real_fake_doors, minmay_the_grid_2x2
          [minmay_the_grid_outer_circle, minmay_the_grid_zigzag_pyramid,
          minmay_the_grid_garden, minmay_the_grid_prize_trominoes], uniq_joseph
D:9:      layout_cave_pods, lair_entry_dummy, orc_0_dummy, minivault_26,
          minmay_pinched_square, uniq_gastronok, uniq_amaemon
D:10:     layout_basic, gammafunk_ghost_hive, nrook_loot_triangle,
          roderic_lattice_a, uniq_josephine
D:11:     layout_irregular_city, kennysheep_big_empty_room,
          nicolae_transporter_circle, uniq_psyche, uniq_urug
D:12:     layout_basic
D:13:     layout_roguey, hangedman_vaults_entry_quadrant_bands, serial_shops,
          nicolae_shop_crystal, nicolae_shop_tiny_statue_garden,
          nicolae_shop_peninsula, trove_entry_hex_spiral, minmay_three_doors,
          uniq_rupert
D:14:     layout_long_grid, fedhas_altar_2
D:15:     grunt_enter_depths_magical_seal, layout_grid_maze,
          serial_bayou_shore_a, gammafunk_ghost_split,
          portal_ice_cave_entry_pillars_four
Temple:   sentei_temple_godly_chess
Lair:1:   layout_chaotic_city, grunt_megastairs_1, lemuel_fruit_tree
Lair:2:   layout_cave_pods, uniq_harold
Lair:3:   layout_chaotic_city, palyth_hydra_swamp_entry,
          nicolae_spider_entry_tight_spaces, st_stairs_10
Lair:4:   layout_cave_shapes, enter_volcano_2, special_room [special_room_bee],
          gauntlet_entry_generic, roderic_batcave, evilmike_ambush
          [evilmike_ambush_outer_basic, evilmike_ambush_inner_pond]
Lair:5:   evilmike_catoblepas_cave, layout_regular_city, slime_entry_1,
          nzn_masters_of_martial_movement, infiniplex_staircase_pool
Swamp:1:  layout_falls_marsh, nicolae_swamp_triple_paths, uniq_nikola
Swamp:2:  layout_basic_swamp, evilmike_swamp_ruin_house_2, uniq_frances
Swamp:3:  layout_basic_swamp, evilmike_swamp_ruin_rubble_2
Swamp:4:  swamp_old_school, layout_basic_swamp, swamp_pool3
Spider:1: layout_spider_delve, nicolae_spider_swamp_cousins
Spider:2: layout_cave_pods
Spider:3: layout_spider_delve, gammafunk_ghost_necromancy,
          nicolae_spider_cling_halls
Spider:4: floodkiller_spider_rune_tomb, nicolae_spider_cling_ruins
Slime:1:  layout_caves
Slime:2:  layout_caves, dissolution_awaits
Slime:3:  layout_caves
Slime:4:  layout_caves
Slime:5:  uniq_dissolution
Orc:1:    layout_caves, uniq_maurice, uniq_nergalle
Orc:2:    st_orc_ogre_mass, layout_diamond_mine, serial_shops, shop, basic_altar
Elf:1:    layout_loops_cross, minivault_28, nicolae_elf_altarnating
Elf:2:    elven_hall_of_blades_hangedman_original
          [nicolae_blade_entry_diamond_columns], layout_loops_cross
Elf:3:    grunt_elf_hall_asides, layout_rooms, minmay_shop_grove
Vaults:1: vaults_mumra_chevron, serial_ice_h, nicolae_vaults_diamond_2,
          v_misc_30, nicolae_vaults_tangram_1, dpeg_vaults_monster_row,
          v_misc_33, nicolae_vaults_swerve, nicolae_vaults_corpse_flower,
          nicolae_vaults_theta, vaults_room_corners, v_misc_32,
          nicolae_vaults_frosty_reception, nicolae_vaults_trapezoid_1,
          vaults_room_octagon, layout_vaults_maze
Vaults:2: nicolae_vaults_house_2, v_misc_28, v_misc_15,
          vaults_room_stairs_pillars, dpeg_vaults_monster_box,
          nicolae_vaults_apartment_1, layout_vaults_omnigrid
Vaults:3: hangedman_vaults_snaps, hangedman_vaults_nodes,
          minmay_crypt_entry_simple_box, nicolae_vaults_trapezoid_3,
          vaults_room_ringed_pool, v_pattern_2, nicolae_vaults_wine_cellar,
          vaults_mumra_hex, nicolae_vaults_yaktaur_gun_rack,
          nicolae_vaults_tetromino_Z_1, nicolae_vaults_quartermaster,
          ontoclasm_vaults_loading_screen, ontoclasm_vaults_decontamination,
          layout_vaults_omnibox, uniq_mara, uniq_frederick, uniq_donald
Vaults:4: nicolae_vaults_meeting, nicolae_vaults_closet_pinwheel_4,
          nicolae_vaults_trapezoid_lopsided_1, nicolae_vaults_shrinking_rooms_1,
          nicolae_vaults_sealed_display, nicolae_vaults_tetromino_T_1,
          nicolae_vaults_mini_display_case, nicolae_vaults_surprise_closet,
          vaults_mumra_minichess_inversion, layout_vaults_chaotic_city
Vaults:5: serial_shops
Crypt:1:  layout_chaotic_city, uniq_sojobo
Crypt:2:  layout_gridlike, grunt_ministairs_15, lemuel_upstairs_altar,
          grunt_megastairs_2
Crypt:3:  evilmike_haunted_forest
Tomb:1:   uniq_khufu
Tomb:2
Tomb:3
Depths:1: layout_cave_shapes, nrook_uturn, lightli_too_deep,
          lightli_gold_pyramid, minmay_shoptagon
Depths:2: hangedman_slaughterboxes, hell_entry, pan_entry
Depths:3: minmay_sliced_demisemicircle, layout_basic, enter_ziggurat_f,
          lemuel_crystal_altar, pf_coc_iceberg, abyss_entry_small_statue_room,
          grunt_megastairs_5, minmay_staircase_statues_hall_small, uniq_parghit,
          uniq_josephina
Depths:4: evilmike_zot_entry_diamond, layout_cave_pools,
          pf_vacation_house_of_asmodeus, hangedman_abyss_or_decor_clamps
Hell
Dis:1:    layout_jigsaw
Dis:2:    layout_subdivisions
Dis:3:    layout_overlapping_boxes
Dis:4:    layout_gridville
Dis:5:    layout_gridville
Dis:6:    layout_overlapping_boxes
Dis:7:    iron_city_of_dis [dis_old, dis_wall_7], layout_gridville
Geh:1:    layout_gehenna_lava_caves
Geh:2:    layout_gehenna_pools_box
Geh:3:    layout_gehenna_pools_box
Geh:4:    layout_gehenna_lava_caves
Geh:5:    layout_gehenna_lava_caves
Geh:6:    nicolae_geh_erupted_tower, layout_gehenna_pools_box
Geh:7:    geh_grunt
Coc:1:    layout_ice_bergs
Coc:2:    layout_cocytus_water_paths
Coc:3:    layout_cocytus_water_paths
Coc:6:    layout_cocytus_water_paths, serial_ice
Coc:7:    coc_old
Tar:1:    layout_catacombs
Tar:2:    layout_grid_maze
Tar:3:    layout_honeycomb
Tar:4:    layout_catacombs, nicolae_hells_hurtin_island
Tar:5:    layout_catacombs
Tar:6:    layout_grid_maze
Tar:7:    tar_old
Zot:1:    dreamdust_zin_vs_xom, layout_cellular_growth, uniq_grunn
Zot:2:    layout_gridlike
Zot:3:    grunt_zot_stairs_mandelzot, layout_misc_corridors,
          hangedman_elemental_corridor
Zot:4:    layout_cathedral_of_symmetry, grunt_ministairs_10, bh_zot_lava_cross,
          bh_zot_levy_curve, grunt_megastairs_4
Zot:5:    layout_gridlike, lemuel_flame_loot_1

Skill      XL: |  1  2  3  4  5  6  7  8  9 10 11 12 13 14 15 16 17 18 19 20 21 22 23 24 25 26 27 |
---------------+----------------------------------------------------------------------------------+-----
Spellcasting   | 4 5 6 7 9 11 13 15 16 17 19 21 22 23 25 26 27 | 27.0
Conjurations   | 5 6 7 8 10 12 13 14 15 16 18 19 20 22 27 | 27.0
Hexes          | 3 7 |  7.6
Fighting       | 2 5 6 9 10 24 | 24.6
Dodging        | 4 7 10 14 15 27 | 27.0
Earth Magic    | 1 5 8 9 10 12 23 | 23.6
Air Magic      | 1 5 |  5.6
Summonings     | 6 10 12 13 15 27 | 27.0
Shields        | 1 2 3 |  3.1
Ice Magic      | 6 9 17 | 17.9
Fire Magic     | 2 8 10 11 16 21 23 27 | 27.0
Necromancy     | 11 16 20 27 | 27.0
Transmutations | 10 15 18 | 18.5
Evocations     | 16 | 16.0
Armour         | 15 | 15.0
Stealth        | 8 |  8.8
Translocations | 4 |  4.0
Staves         | |  0.3

Action                     |  1- 3 |  4- 6 |  7- 9 | 10-12 | 13-15 | 16-18 | 19-21 | 22-24 | 25-27 || total
---------------------------+-------+-------+-------+-------+-------+-------+-------+-------+-------++-------
  Melee: Short sword       |     9 |     6 |       |       |       |       |       |       |       ||    15
         Punch             |     1 |       |       |       |       |       |       |       |       ||     1
         Whip              |       |     4 |    28 |     5 |       |       |       |       |       ||    37
         Trident           |       |       |       |     9 |    18 |    16 |       |       |       ||    43
         Staff             |       |       |       |       |       |       |    20 |    15 |    71 ||   106
         Eveningstar       |       |       |       |       |       |       |       |       |    19 ||    19
   Fire: Shortbow          |       |       |       |    61 |    21 |       |       |       |       ||    82
   Cast: Magic Dart        |    87 |   117 |    85 |    11 |     2 |       |       |       |       ||   302
         Searing Ray       |       |    17 |    21 |    16 |       |       |       |       |       ||    54
         Fulminant Prism   |       |     7 |    43 |   134 |    50 |    20 |    12 |       |     1 ||   267
         Iskenderun's Myst |       |       |     4 |    52 |    47 |    16 |    17 |    11 |    35 ||   182
         Hailstorm         |       |       |       |     6 |    21 |    53 |    38 |     1 |    10 ||   129
         Spider Form       |       |       |       |     1 |       |       |       |       |       ||     1
         Leda's Unmaking   |       |       |       |    16 |   131 |   122 |    87 |    25 |    83 ||   464
         Lee's Rapid Decon |       |       |       |     2 |     1 |       |       |       |       ||     3
         Spellforged Servi |       |       |       |       |    80 |   108 |    69 |    29 |   244 ||   530
         Ozocubu's Refrige |       |       |       |       |       |    15 |     9 |       |       ||    24
         Lehudib's Crystal |       |       |       |       |       |    48 |   124 |   114 |   493 ||   779
         Orb of Destructio |       |       |       |       |       |     3 |     1 |       |       ||     4
         Fireball          |       |       |       |       |       |       |     9 |       |     1 ||    10
         Fire Storm        |       |       |       |       |       |       |    64 |   259 |  1237 ||  1560
         Necromutation     |       |       |       |       |       |       |       |       |   262 ||   262
         Polar Vortex      |       |       |       |       |       |       |       |       |     6 ||     6
         Blink             |       |       |       |       |       |       |       |       |     4 ||     4
Ability: End Transformatio |       |       |       |       |       |       |       |       |     2 ||     2
  Evoke: Wand              |       |     1 |     2 |       |       |     2 |     1 |       |    24 ||    30
         Box of beasts     |       |       |       |       |     1 |       |       |       |     3 ||     4
         Phial of floods   |       |       |       |       |     1 |       |       |       |     1 ||     2
         Tin of tremorston |       |       |       |       |     1 |       |       |       |       ||     1
         Lightning rod     |       |       |       |       |       |       |       |       |     8 ||     8
         Figurine of a zig |       |       |       |       |       |       |       |       |     1 ||     1
    Use: Scroll            |       |     6 |     2 |     7 |    15 |    11 |     4 |     3 |    24 ||    72
         Potion            |       |     2 |     3 |     2 |     8 |     5 |     7 |     4 |    14 ||    45
   Stab: Distracted        |       |       |       |       |       |     2 |       |       |     4 ||     6
 Armour: Robe              |     5 |     8 |    10 |    35 |   123 |    55 |    17 |    23 |   127 ||   403
         Skin              |       |     2 |    27 |       |       |       |       |       |       ||    29
  Dodge: Dodged            |    16 |    27 |    31 |    55 |   259 |   107 |    99 |    73 |   353 ||  1020
  Block: Buckler           |       |       |       |       |    49 |    26 |     2 |       |       ||    77
         Orb               |       |       |       |       |       |       |    24 |     9 |    54 ||    87
         Reflection        |       |       |       |       |       |       |    12 |     1 |     4 ||    17
Riposte: Staff             |       |       |       |       |       |       |       |       |    10 ||    10

Table legend: (Time is in decaauts)
 A = Elapsed time spent in this place.
 B = Non-inter-level travel time spent in this place.
 C = Inter-level travel time spent in this place.
 D = Time resting spent in this place.
 E = Time spent auto-exploring this place.
 F = Levels seen in this place.
 G = Mean time per level.
                   A        B        C        D        E       F      G
               +--------+--------+--------+--------+--------+-----+--------+
         Total |  94940 |  90822 |   4118 |  20734 |  41619 | 132 |  719.2 |
       Dungeon |  16279 |  14747 |   1532 |   2842 |   8804 |  15 | 1085.3 |
        Temple |     19 |     19 |      0 |      0 |      0 |   1 |   19.0 |
          Lair |   6699 |   6174 |    525 |   1669 |   3010 |   5 | 1339.8 |
         Swamp |   2984 |   2877 |    107 |    727 |   1222 |   4 |  746.0 |
   Spider Nest |   5694 |   5510 |    184 |   2068 |   1303 |   4 | 1423.5 |
    Slime Pits |   1569 |   1501 |     68 |    251 |    829 |   5 |  313.8 |
  Orcish Mines |   1618 |   1546 |     72 |    313 |    832 |   2 |  809.0 |
   Elven Halls |   4018 |   3839 |    179 |   1158 |   1668 |   3 | 1339.3 |
        Vaults |   7557 |   7147 |    410 |   1115 |   4194 |   5 | 1511.4 |
         Crypt |   3446 |   3269 |    177 |    253 |   2109 |   3 | 1148.7 |
          Tomb |   4053 |   3961 |     92 |   1172 |   1137 |   3 | 1351.0 |
        Depths |   4406 |   4000 |    406 |    480 |   2333 |   4 | 1101.5 |
          Hell |    841 |    811 |     30 |    110 |    336 |   1 |  841.0 |
           Dis |   4395 |   4324 |     71 |   1850 |   1299 |   7 |  627.9 |
       Gehenna |   4104 |   4084 |     20 |   1145 |   1303 |   7 |  586.3 |
       Cocytus |   2713 |   2713 |      0 |   1028 |   1042 |   5 |  542.6 |
      Tartarus |   3370 |   3241 |    129 |    748 |   1299 |   7 |  481.4 |
           Zot |   3251 |   3144 |    107 |    630 |   1187 |   5 |  650.2 |
         Abyss |    904 |    904 |      0 |     93 |    250 |   4 |  226.0 |
   Pandemonium |   9873 |   9873 |      0 |   1421 |   5565 |  11 |  897.5 |
      Ziggurat |   4159 |   4159 |      0 |    809 |   1091 |  27 |  154.0 |
         Trove |     76 |     76 |      0 |      0 |     17 |   1 |   76.0 |
         Sewer |   1225 |   1225 |      0 |    542 |    416 |   1 | 1225.0 |
      Ice Cave |    436 |    436 |      0 |      2 |    251 |   1 |  436.0 |
      Gauntlet |   1239 |   1239 |      0 |    306 |    122 |   1 | 1239.0 |
               +--------+--------+--------+--------+--------+-----+--------+

Top non-repeatable levels by time:
   Dis:7: 3365 daAuts
Spider:4: 2415 daAuts
  Tomb:1: 2195 daAuts
  Lair:3: 2084 daAuts
   Geh:7: 2078 daAuts
     D:9: 1834 daAuts
   Elf:2: 1824 daAuts
Depths:2: 1764 daAuts
Vaults:1: 1720 daAuts
 Crypt:3: 1690 daAuts
Vaults:5: 1681 daAuts
  Lair:2: 1621 daAuts
   Coc:7: 1610 daAuts
     D:8: 1585 daAuts
Vaults:4: 1533 daAuts
